 Dungeon Crawl Stone Soup version 0.18-a0-1542-g9c1a92e (webtiles) character file.

1243078 glosham the Conqueror (level 27, -1/231 (245) HPs)
             Began as a Minotaur Chaos Knight on Mar 5, 2016.
             Was the Champion of Trog.
             Killed by a greater mummy's death curse (32 damage)
             ... on level 2 of the Tomb of the Ancients on Mar 10, 2016.
             The game lasted 1 day 02:47:46 (69208 turns).

glosham the Conqueror (Minotaur Chaos Knight)  Turns: 69208, Time: 1 , 02:47:46

HP:   -1/231 (245)  AC: 60    Str: 30 (31) XL:     27
MP:   7/32          EV: 21    Int:  5 (7)  God:    Trog [******]
Gold: 1011          SH:  0    Dex: 14      Spells: 0 memorised, 26 levels left

rFire  + + +     SeeInvis .     a - +9 battleaxe "Hydra's Nightmare" {chop, rC+ rN+ Str+3}
rCold  + + .     Gourm    .     X - +14 crystal plate armour
rNeg   + + +     Faith    .     (shield currently unavailable)
rPois  +         Spirit   .     U - -2 hat of the Alchemist {rElec rPois rF+ rC+ rN+ MR+ rMut rCorr}
rElec  +         Dismiss  .     Y - +1 cloak of Modeiluk {rF+++}
rCorr  +         Reflect  .     V - +2 pair of gloves
rMut   +         Harm     .     W - +2 pair of boots {run}
SustAt +                        z - amulet of regeneration
MR     ++++.                    S - ring "Rues" {SustAt rN+}
Stlth  ..........               A - +5 ring of dexterity

@: slowed, very slow, incredibly resistant to hostile enchantments, extremely
unstealthy
A: retaliatory headbutt, horns 2, rough black scales 1, slimy green scales 1,
clumsy 1, deterioration 1, dopey 1, fire resistance 1, frail 1, low mp 1, magic
resistance 1, sense surroundings 1
a: Berserk, Trog's Hand, Brothers in Arms, Burn Spellbooks, Renounce Religion
}: 14/15 runes: barnacled, slimy, silver, iron, obsidian, icy, bone, abyssal,
demonic, glowing, magical, fiery, dark, gossamer


You were on level 2 of the Tomb of the Ancients.
You worshipped Trog.
Trog was exalted by your worship.
You were full.

You visited 18 branches of the dungeon, and saw 91 of its levels.
You visited Pandemonium 3 times, and saw 28 of its levels.
You visited the Abyss 1 time.
You visited 1 ziggurat, and saw 13 of its levels.
You also visited: Trove, Bailey, Volcano and Wizlab.

You collected 9391 gold pieces.
You spent 8366 gold pieces at shops.

Inventory:

Hand Weapons
 a - the +9 battleaxe "Hydra's Nightmare" (weapon) {chop, rC+ rN+ Str+3}
   (Trog gifted it to you on level 3 of the Lair of Beasts)

   It inflicts extra damage upon your enemies.
   It affects your strength (+3).
   It protects you from cold.
   It protects you from negative energy.
 b - the +10 arbalest of Satyriasis {penet, +Blink Int+4}
   (You found it on level 3 of a ziggurat)

   Ammo fired by it will pass through the targets it hits, potentially hitting
   all targets in its path until it reaches maximum range.
   It affects your intelligence (+4).
   It lets you blink.
 c - a +9 antimagic executioner's axe
 M - a +9 battleaxe of holy wrath
 N - a +9 executioner's axe of flaming
Missiles
 d - 72 bolts of flame
 e - 88 bolts of frost
 f - 31 steel bolts
Armour
 U - the -2 hat of the Alchemist (worn) {rElec rPois rF+ rC+ rN+ MR+ rMut rCorr}
   (You bought it in a shop on level 2 of the Orcish Mines)

   It protects you from fire.
   It protects you from cold.
   It insulates you from electricity.
   It protects you from poison.
   It protects you from negative energy.
   It affects your resistance to hostile enchantments.
   It protects you from acid and corrosion.
   It protects you from mutation.
 V - a +2 pair of gloves (worn)
 W - a +2 pair of boots of running (worn)
 X - a +14 crystal plate armour (worn)
 Y - the +1 cloak of Modeiluk (worn) {rF+++}
   (You found it on level 8 of the Dungeon)

   It renders you almost immune to fire.
Rods
 L - a +1 rod of clouds (12/12) {!a}
   (You found it on level 2 of the Crypt)
 P - a +7 rod of shadows (14/14) {!a}
   (You bought it in a shop on level 6 of the Dungeon)
Jewellery
 z - an amulet of regeneration (around neck)
 A - a +5 ring of dexterity (left hand)
 B - the ring "Qoklab" {rF+ rN+ Dex+2 SInv}
   (You found it on level 12 of a ziggurat)

   [ring of see invisible]

   It affects your dexterity (+2).
   It protects you from fire.
   It protects you from negative energy.
   It lets you see invisible.
 C - the ring of Toofoel {rCorr rC+ Str+4 Int+4}
   (You found it on level 12 of a ziggurat)

   [ring of resist corrosion]

   It affects your strength (+4).
   It affects your intelligence (+4).
   It protects you from cold.
 F - the ring of Cowardice {+Fly MR+}
   (You found it on level 7 of Tartarus)

   [ring of flight]

   It affects your resistance to hostile enchantments.
   It lets you fly.
 S - the ring "Rues" (right hand) {SustAt rN+}
   (You found it on level 11 of a ziggurat)

   [ring of sustain attributes]

   It sustains your strength, intelligence and dexterity.
   It protects you from negative energy.
Wands
 g - a wand of heal wounds (3/9)
 h - a wand of teleportation (8/9)
 i - a wand of digging (8/24)
 j - a wand of disintegration (7/24)
Scrolls
 k - 16 scrolls of teleportation
 l - 6 scrolls of blinking
 m - 5 scrolls of fog
 n - 11 scrolls of fear
 o - 27 scrolls of remove curse
 p - 21 scrolls of identify
 q - 6 scrolls of recharging
 D - 4 scrolls of magic mapping
 G - 4 scrolls of silence {!r}
 H - 2 scrolls of immolation
Potions
 r - a potion of heal wounds
 s - 25 potions of curing
 t - 14 potions of resistance
 u - 4 potions of haste
 v - 6 potions of agility
 w - 5 potions of might
 x - 12 potions of flight
 y - 3 potions of cancellation
 I - 7 potions of invisibility
 J - 4 potions of cure mutation {!q}
 K - 13 potions of lignification
Miscellaneous
 O - a fan of gales
 Q - a disc of storms
 R - a lantern of shadows
 T - a legendary deck of summoning {drawn: 3}
Comestibles
 Z - 24 bread rations


   Skills:
 O Level 27 Fighting
 O Level 27 Axes
   Level 12.0 Slings
 O Level 27 Crossbows
 O Level 27 Armour
 O Level 27 Dodging
 - Level 20.7 Stealth
 * Level 20.7 Evocations


You had 26 spell levels left.
You didn't know any spells.

Dungeon Overview and Level Annotations

Branches:
Dungeon (15/15)            Temple (1/1) D:6            Lair (8/8) D:8
 Shoals (4/4) Lair:6       Spider (4/4) Lair:3        Slime (6/6) Lair:8
    Orc (2/2) D:12            Elf (3/3) Orc:2        Vaults (5/5) D:14
  Crypt (3/3) Vaults:3       Tomb (2/3) Crypt:3      Depths (5/5) D:15
   Hell (1/1)                 Dis (7/7) Hell            Geh (7/7) Hell
    Coc (7/7) Hell            Tar (7/7) Hell            Zot (5/5) Depths:5

Altars:
Ashenzari
Cheibriados
Dithmenos
Elyvilon
Fedhas
Gozag
Kikubaaqudgha
Makhleb
Nemelex Xobeh
Okawaru
Pakellas
Qazlal
Ru
Sif Muna
Trog
Vehumet
Xom
Yredelemnul
Zin
The Shining One
Beogh
Jiyva
Lugonu

Shops:
D:6 }   D:8 [%(   D:9 :   D:12 [   Orc:1 (   Orc:2 }([}   Elf:1 *   Elf:2 (
Elf:3 [   Shoals:2 [   Shoals:3 !   Vaults:2 *   Vaults:3 [   Vaults:5 (

Portals:
Hell: Lair:8 Depths:1 Depths:2 Depths:3 Depths:4 Depths:5
Abyss: Depths:1 Depths:4 Depths:5
Pandemonium: Depths:2 Depths:3 Depths:4

Annotations:
Dis:7 Dispater
Geh:7 Asmodeus
Coc:7 Antaeus
Tar:7 Ereshkigal


Innate Abilities, Weirdness & Mutations

You reflexively headbutt those who attack you in melee.
You have a pair of horns on your head.
You are partially covered in rough black scales (AC +4, Dex -1).
You are partially covered in slimy green scales (AC +2).
You are clumsy. (Dex -2)
Your body sometimes deteriorates upon taking damage.
You are dopey. (Int -2)
Your flesh is heat resistant.
You are frail (-10% HP).
Your magical capacity is low (-10% MP).
You are resistant to hostile enchantments.
You passively map a small area around you.


Message History

The ice devil barely misses you. You furiously retaliate!
You headbutt the ice devil, but do no damage.
The greater mummy hits you but does no damage.
The shadow slips into darkness.
The shadow flickers and vanishes!
Deactivating autopickup; reactivate with Ctrl-A.
The greater mummy is lost in a daze.
The death scarab closely misses you.
You hear a distant "Zot"!
The mummy priest calls on the powers of darkness!
The mana viper convulses! x2
Your body is wracked with pain!
* * * LOW HITPOINT WARNING * * *
The mana viper bites you.
* * * LOW HITPOINT WARNING * * *
You feel your power leaking away.
A mummy comes into view.
Unknown command.
You slice the greater mummy!!
The greater mummy explodes!
The fiery explosion engulfs the iron dragon simulacrum.
The iron dragon simulacrum appears unharmed.
The fiery explosion engulfs the ice devil.
The ice devil is burned terribly!
The ice devil is almost dead.
The fiery explosion engulfs the fire giant simulacrum.
The fire giant simulacrum melts!
The fiery explosion engulfs the mana viper.
You kill the mana viper!
The fiery explosion engulfs the wraith.
The wraith is severely damaged.
The fiery explosion engulfs you!
The fiery explosion engulfs the mana viper.
You kill the mana viper!
The fiery explosion engulfs the death scarab.
You destroy the death scarab!
The death scarab's corpse disappears in a puff of smoke!
Trog appreciates your killing of a magic user.
You feel extremely nervous for a moment...
You convulse helplessly as pain tears through your body!
You die...

, , +
.......H....... ,
, .....#§§.#.....
, $.....§§§M.....
§.§Z..§§§.§....
,......§H§.§§...
, ....{MZW.§§..%.
*
.....3Z§.§§B§..,
.....§4@§§§§§.. ,
, .§..§§§§§§§B§..
*
§§..§.§§§§§§§§..
, ..H.§§..§§M§§..
...§§§§.§§§§§§.
......§..§§§§B≈
,§....#§§§#§§§§.
,§....§.§§.MM....
, , * , , , , ,


You could see 2 greater mummies, a mummy priest (dazed), 3 anubis guards, an ice
devil, a ynoxinul, a wraith, 3 death scarabs, 2 mummies, an iron dragon
simulacrum, a fire giant simulacrum and a six-headed hydra zombie (dazed).

Vanquished Creatures
  Cerebov (Pan)
  Ignacio (Pan)
  Gloorx Vloq (Pan)
  the Serpent of Hell (Geh:7)
  Lom Lobon (Pan)
  Mnoleg (Pan)
  Khufu (Crypt:1)
  The ghost of PeterLawrence the Minotaur Barricade, a legendary MiFi of the Shining One (Pan)
  Mennas (Pan)
  4 orbs of fire (Zot:5)
  6 ancient liches
  A juggernaut (Depths:5)
  2 pandemonium lords (Pan)
  3 greater mummies
  Frederick (Vaults:3)
  Sojobo (Vaults:2)
  3 iron giants
  5 shard shrikes
  Margery (Vaults:2)
  2 curse toes
  Saint Roka (Crypt:3)
  4 Killer Klowns
  5 caustic shrikes
  Nikola (Shoals:1)
  5 golden dragons
  Xtahua (Crypt:3)
  Geryon (Hell)
  Arachne (Spider:4)
  6 bone dragons
  Jory (Vaults:2)
  A pearl dragon (Pan)
  4 doom hounds
  12 Brimstone Fiends
  4 electric golems (Zot:5)
  7 Hell Sentinels
  12 tentacled monstrosities
  14 Ice Fiends
  25 Orb Guardians (Zot:5)
  Asterion (Depths:1)
  14 liches
  Murray (Depths:3)
  2 deep elf master archers (Elf:3)
  A titan (Vaults:4)
  3 deep elf blademasters
  15 Shadow Fiends
  26 Executioners
  Frances (Shoals:1)
  3 death cobs
  A quicksilver dragon (Vaults:5)
  9 acid blobs
  14 sphinxes
  A tentacled starspawn (Abyss:3)
  8 ancient champions
  A kraken (Abyss:3)
  5 storm dragons
  10 tengu reavers
  5 azure jellies (Slime:6)
  7 shadow dragons
  25 fire giants
  4 draconian monks
  10 daevas
  6 revenants
  Donald (Vaults:1)
  9 ghost moths
  2 draconian knights
  10 deep elf sorcerers
  8 vault wardens
  9 iron dragons
  24 balrugs
  2 orc warlords (Orc:2)
  Aizul (Spider:1)
  10 angels
  A caustic shrike zombie (Zig:12)
  3 emperor scorpions (Spider:4)
  14 frost giants
  5 curse skulls
  6 corrupters (Pan)
  2 draconian zealots
  A ghoul (Zig:11)
  51 reapers
  4 deep elf elementalists
  A chaos champion (Pan)
  A juggernaut zombie (Zig:12)
  13 cacodemons
  5 warmongers (Pan)
  4 draconian shifters
  23 very ugly things
  9 ironheart preservers
  A caustic shrike skeleton (Zig:13)
  4 war gargoyles
  3 spriggan defenders (Depths:3)
  8 blood saints (Pan)
  12 apis (Pan)
  11 vampire knights
  5 salamander stormcallers
  7 elemental wellsprings (Coc:7)
  3 green draconians
  2 draconian annihilators (Pan)
  7 deep elf demonologists
  5 ophanim (Pan)
  24 stone giants
  2 black draconians (Zot:5)
  17 deep elf annihilators
  A draconian caller (Zot:5)
  3 mottled draconians
  5 red draconians
  5 black suns (Pan)
  2 bennus (Tomb:1)
  5 lorocyprocas
  3 yellow draconians
  9 spark wasps
  A dire elephant (D:15)
  2 purple draconians
  7 eidola
  3 white draconians
  15 deep elf death magi
  6 merfolk javelineers
  33 blizzard demons
  32 vault guards
  2 quicksilver dragon zombies
  17 fire dragons
  8 mummy priests
  11 ettins
  8 green deaths
  Snorg (D:11)
  16 yaktaur captains
  13 entropy weavers
  11 deep elf high priests
  Josephine (D:13)
  10 hydras
  8 merfolk impalers
  12 jiangshi
  15 great orbs of eyes
  An iron giant zombie (Zig:12)
  23 ice dragons
  4 rakshasas
  2 spriggan air magi
  3 hell beasts (Pan)
  4 quicksilver dragon skeletons
  9 centaur warriors
  9 monstrous demonspawn (Pan)
  A catoblepas (D:13)
  3 merfolk aquamancers
  2 iron giant skeletons
  2 alligator snapping turtles (Shoals:4)
  5 merfolk avatars
  27 dancing weapons
  8 tengu warriors
  6 death yaks (Lair:6)
  A queen ant (Lair:6)
  6 deep troll earth magi
  4 death knights
  8 vampire magi
  11 deep troll shamans
  14 ogre magi
  4 orc high priests
  3 titan zombies
  10 hell hogs
  4 naga sharpshooters (Zig:7)
  6 thrashing horrors (Abyss:3)
  Sonja (Lair:2)
  10 spriggan berserkers
  3 spriggans (Depths:3)
  33 sun demons
  10 iron golems (Dis:1)
  3 storm dragon zombies
  22 deep elf knights
  A salamander mystic (Geh:7)
  44 soul eaters
  32 hell knights
  3 wretched stars (Abyss:3)
  6 titan skeletons
  13 sea snakes
  18 iron trolls
  3 cherubim (Pan)
  A fire crab (shapeshifter) (Vaults:4)
  36 large abominations
  24 deep trolls
  81 skeletal warriors
  6 giant orange brains
  14 flayed ghosts
  18 death scarabs
  4 unseen horrors
  3 golden dragon zombies
  10 torturous demonspawn
  10 shadow wraiths
  A death drake (Abyss:3)
  7 gelid demonspawn (Pan)
  A spark wasp zombie (Zig:12)
  3 storm dragon skeletons
  6 anaconda zombies
  3 kraken simulacra
  An obsidian statue (Zig:13)
  A shambling mangrove (Zig:6)
  A spatial maelstrom (Abyss:3)
  5 golden dragon skeletons
  25 shadow demons
  3 swamp dragons
  9 ironbrand convokers
  5 shadow dragon zombies
  6 infernal demonspawn (Pan)
  6 hill giants
  16 phantasmal warriors
  20 deep elf archers
  4 anubis guards
  3 putrid demonspawn (Pan)
  17 necromancers
  6 starcursed masses (Abyss:2)
  A lindwurm (Bailey)
  38 harpies
  10 griffons
  A sphinx zombie (Zig:13)
  A harpy (shapeshifter) (Vaults:4)
  An orb spider (shapeshifter) (Vaults:3)
  19 orc knights
  13 hornets
  5 fire giant zombies
  3 stone giant zombies
  84 deep elf magi
  3 salamanders
  2 fauns (Zig:7)
  11 orc sorcerers
  2 wolf spider zombies
  3 anaconda skeletons
  12 manticores
  3 frost giant zombies
  15 orb spiders
  2 shadow dragon skeletons
  A sphinx skeleton (Zig:9)
  2 iron dragon zombies
  12 wizards
  A hornet (shapeshifter) (Vaults:3)
  3 shining eyes
  2 tengu skeletons (Zig:13)
  An oklob plant (Lair:6)
  30 wolf spiders
  A worldbinder (Abyss:3)
  52 ugly things
  5 fire giant skeletons
  13 moths of wrath
  5 cyclopes
  A shining eye (shapeshifter) (Depths:5)
  4 stone giant skeletons
  A moth of wrath (shapeshifter) (Vaults:5)
  16 sixfirhies
  5 sirens
  12 elephants
  5 black mambas
  28 rust devils
  An elf zombie (Zig:12)
  3 frost giant skeletons
  6 water nymphs
  6 titan simulacra (Coc:7)
  Joseph (D:7)
  14 spiny frogs
  3 molten gargoyles
  11 vault sentinels
  24 orange demons
  2 eyes of devastation
  43 smoke demons
  3 dire elephant zombies
  An eye of devastation (shapeshifter) (Depths:2)
  An ice statue (Pan)
  5 torpor snails
  A gargoyle (D:13)
  6 storm dragon simulacra (Coc:7)
  A catoblepas zombie (Geh:1)
  6 rime drakes
  3 centaur skeletons
  An emperor scorpion zombie (Dis:7)
  A spiny frog (shapeshifter) (Depths:2)
  24 freezing wraiths
  6 spectral swamp worms (Tar:7)
  2 dire elephant skeletons
  18 hellions
  6 anaconda simulacra (Coc:7)
  31 tormentors
  7 efreet
  26 yaktaurs
  5 kobold demonologists
  18 hellwings
  9 komodo dragons
  47 ice devils
  20 red devils
  4 tengu conjurers
  A yaktaur (shapeshifter) (Vaults:5)
  A catoblepas skeleton (Pan)
  22 demonic crawlers
  A green draconian skeleton (Geh:7)
  A death drake zombie (Crypt:3)
  4 ancient zymes (Abyss:3)
  2 elf skeletons
  13 guardian mummies
  A harpy zombie (Geh:6)
  A black draconian zombie (Coc:4)
  11 hydra zombies
  30 jumping spiders
  18 trolls
  A jumping spider (shapeshifter) (Vaults:2)
  A merfolk (shapeshifter) (Vaults:5)
  A wind drake (Shoals:3)
  A polar bear (Lair:7)
  26 merfolk
  3 silent spectres
  A giant leech (Zig:6)
  A minotaur skeleton (Volcano)
  A queen bee (shapeshifter) (D:15)
  Prince Ribbit (D:6)
  3 ettin zombies
  7 raiju (Abyss:3)
  17 blink frogs
  81 slime creatures
  5 boulder beetles
  2 harpy skeletons
  A griffon zombie (Crypt:2)
  16 two-headed ogres
  6 alligator zombies
  5 bog bodies
  2 ice dragon zombies
  3 fire dragon zombies
  7 ushabtiu
  A guardian serpent skeleton (Crypt:2)
  7 snapping turtles
  2 spriggan skeletons
  3 ice dragon skeletons
  Sigmund (D:6)
  6 air elementals
  A fire dragon skeleton (Geh:4)
  19 shadows
  A black mamba zombie (Dis:7)
  65 flying skulls
  7 ettin skeletons
  40 tarantellas
  13 ynoxinuls
  2 alligator skeletons
  73 redbacks
  A wyvern (Lair:8)
  5 vampires
  15 fire elementals
  33 water elementals
  31 yaks
  A hog (shapeshifter) (Depths:2)
  12 fire bats
  4 basilisks
  21 wraiths
  8 golden eyes
  11 vampire mosquitoes
  Grum (D:9)
  A basilisk (shapeshifter) (Vaults:1)
  6 chaos spawn
  14 hippogriffs
  2 hill giant skeletons (Volcano)
  23 neqoxecs
  A steam dragon (D:12)
  A dire elephant simulacrum (Crypt:1)
  9 wargs
  4 hungry ghosts
  A glowing shapeshifter zombie (Crypt:2)
  2 wolves
  Menkaure (D:6)
  A naga (Orc:2)
  A yaktaur simulacrum (Vaults:1)
  A merfolk zombie (Coc:1)
  5 mottled dragons
  3 spatial vortices
  A water nymph zombie (Crypt:1)
  11 soldier ants (Lair:6)
  A swamp worm (shapeshifter) (Depths:5)
  4 hydra simulacra
  An insubstantial wisp (Abyss:3)
  6 spiny frog zombies
  A deep troll zombie (Crypt:1)
  37 hell hounds
  12 porcupines
  18 water moccasins
  Duvessa (D:6)
  A merfolk skeleton (Coc:1)
  An alligator simulacrum (Hell)
  6 sky beasts
  A swamp dragon zombie (Geh:6)
  10 wasps
  6 ice beasts
  4 black bears
  3 snapping turtle zombies
  A spiny frog skeleton (Hell)
  11 eyes of draining
  55 orc warriors
  10 necrophages
  A black mamba simulacrum (Crypt:1)
  51 ogres
  8 phantoms
  8 boggarts
  9 crocodiles
  19 centaurs
  A snapping turtle skeleton (Coc:7)
  2 manticore skeletons
  A swamp dragon skeleton (Tar:1)
  A fire crab zombie (Crypt:1)
  4 big kobolds
  18 giant frogs
  A spiny frog simulacrum (Coc:2)
  A giant frog (shapeshifter) (Depths:5)
  4 earth elementals
  2 gnoll sergeants (D:9)
  Dowan (D:6)
  3 scorpions
  8 killer bees
  A raiju skeleton (Crypt:2)
  A swamp dragon simulacrum (Abyss:3)
  5 troll skeletons
  54 wights
  5 electric eels
  8 small abominations (Abyss:3)
  13 howler monkeys
  2 giant frog zombies
  25 crimson imps
  7 centaur zombies
  A demonspawn zombie (Crypt:1)
  3 quasits
  2 human simulacra
  14 hounds
  4 human zombies
  17 iron imps
  19 orc priests
  Crazy Yiuf (D:4)
  2 gnoll shamans (D:9)
  35 jellies
  A basilisk zombie (Crypt:1)
  2 giant frog skeletons
  10 iguanas
  A two-headed ogre skeleton (Volcano)
  25 orc wizards
  Natasha (D:3)
  A lightning spire (Zig:5)
  22 worker ants
  7 hell rats
  17 sheep
  A killer bee zombie (D:8)
  2 tengu zombies
  A naga skeleton (Volcano)
  3 ogre skeletons (Volcano)
  A crocodile skeleton (Crypt:1)
  23 mummies
  A hound skeleton (D:4)
  2 worker ant zombies
  31 gnolls
  20 adders
  83 river rats
  14 shadow imps
  15 white imps
  An ufetubus (Depths:2)
  19 oozes
  An iguana zombie (Crypt:2)
  An adder skeleton (D:12)
  An adder zombie (D:7)
  5 worms
  5 giant geckos
  120 orcs
  2 ball pythons
  4 giant cockroaches
  16 hobgoblins
  9 jackals
  7 quokkas
  3 bats (D:2)
  A giant cockroach zombie (D:5)
  9 giant newts
  22 goblins
  21 kobolds
  An orc simulacrum (Crypt:1)
  19 rats
  A crawling corpse (Vaults:4)
  2 fire vortices (Pan)
  5 fungi
  19 plants
  4 starspawn tentacles (Abyss:3)
  A starspawn tentacle segment (Abyss:3)
  3 tentacles (Abyss:3)
4352 creatures vanquished.

Vanquished Creatures (collateral kills)
  the Royal Jelly (Slime:6)
  Mara (Spider:4)
  A doom hound (Tar:6)
  3 acid blobs (Slime:6)
  Ilsuiw (Shoals:4)
  3 cacodemons
  An emperor scorpion (Spider:4)
  An orc warlord (Orc:2)
  A stone giant (Depths:4)
  A reaper (Tar:6)
  A black draconian (Zot:1)
  A red draconian (Zot:1)
  A purple draconian (Zot:1)
  A deep elf death mage (Elf:1)
  A death ooze (Slime:6)
  3 merfolk javelineers (Shoals:4)
  A skeletal warrior (Dis:1)
  3 deep elf archers (Elf:1)
  An orc sorcerer (Orc:2)
  3 deep elf magi
  2 elephants (Lair:4)
  A sixfirhy (Pan)
  A siren (Lair:6)
  An orange demon (Pan)
  3 merfolk (Shoals:4)
  A troll (shapeshifter) (Depths:4)
  3 slime creatures (Depths:4)
  A snapping turtle (Shoals:4)
  A chaos spawn (Pan)
  A neqoxec (Pan)
  A sheep (Lair:4)
  A kobold (D:3)
47 creatures vanquished.

Vanquished Creatures (others)
  A pandemonium lord (Pan)
  A sphinx (Tomb:1)
  2 eldritch tentacles
  A deep elf elementalist (Depths:5)
  A dancing weapon (Zig:10)
  A hell hog (Geh:7)
  A soul eater (Pan)
  2 hell knights (Geh:6)
  2 death scarabs (Tomb:2)
  A deep elf mage (WizLab)
  A necromancer (Vaults:2)
  A raiju (Abyss:3)
  A boulder beetle (Vaults:4)
  A flying skull (Geh:7)
  A fire elemental (Elf:2)
  A ynoxinul (Pan)
  A water elemental (Coc:7)
  A manticore zombie (Geh:7)
  An ogre (Depths:4)
  A mummy (Tomb:2)
  3 ball lightnings (Pan)
  231 eldritch tentacle segments
  2 fire vortices
  12 fungi
  3 lost souls
  14 plants
  A starspawn tentacle (Abyss:3)
  38 starspawn tentacle segments (Abyss:3)
  5 tentacles
  A tentacle segment (Abyss:3)
333 creatures vanquished.

Grand Total: 4732 creatures vanquished

Notes
Turn   | Place    | Note
--------------------------------------------------------------
     0 | D:1      | glosham the Minotaur Chaos Knight began the quest for the Orb.
     0 | D:1      | Reached XP level 1. HP: 19/19 MP: 0/0
     0 | D:1      | Fell from the grace of Xom
    59 | D:2      | Reached skill level 4 in Axes
    83 | D:2      | Reached XP level 2. HP: 26/26 MP: 1/1
    97 | D:2      | Found a sacrificial altar of Ru.
   137 | D:2      | Reached skill level 5 in Axes
   189 | D:2      | Reached XP level 3. HP: 31/31 MP: 2/2
   245 | D:3      | Found a glowing golden altar of the Shining One.
   246 | D:3      | Found a sacrificial altar of Ru.
   351 | D:5      | Entered Level 5 of the Dungeon
   402 | D:5      | XOM: 4-stop teleportation journey
   456 | D:5      | Noticed a phantom
   497 | D:5      | Found a shadowy altar of Dithmenos.
   498 | D:5      | Noticed a centaur
   507 | D:5      | Killed a centaur
   507 | D:5      | Reached skill level 6 in Axes
   507 | D:5      | Reached XP level 4. HP: 27/39 MP: 3/3
   507 | D:5      | Reached XP level 5. HP: 31/45 MP: 4/4
   546 | D:5      | Killed a phantom
   546 | D:5      | Reached skill level 7 in Axes
   624 | D:5      | Reached skill level 8 in Axes
   624 | D:5      | Reached XP level 6. HP: 40/51 MP: 5/5
  1017 | D:5      | XOM: noise
  1152 | D:4      | HP: 2/51 [ogre/giant club (18)]
  1153 | D:4      | Reached skill level 9 in Axes
  1162 | D:4      | XOM: give mutation
  1162 | D:4      | Gained mutation: You occasionally shout uncontrollably at your foes. [Xom's mischief]
  1313 | D:4      | Noticed Crazy Yiuf
  1325 | D:4      | Killed Crazy Yiuf
  1842 | D:1      | XOM: mild Chrm miscast
  2032 | D:2      | Found an ancient bone altar of Kikubaaqudgha.
  2032 | D:2      | Found a deep blue altar of Sif Muna.
  2034 | D:2      | Found a radiant altar of Vehumet.
  2039 | D:2      | Identified Sif Muna's Grimoire of Shape Shifting
  2121 | D:2      | XOM: blink monster(s)
  2135 | D:2      | Found a white marble altar of Elyvilon.
  2247 | D:2      | Reached XP level 7. HP: 51/57 MP: 6/6
  2605 | D:3      | XOM: mild Trmt miscast
  2699 | D:3      | Noticed Natasha
  2710 | D:3      | Killed Natasha
  2832 | D:3      | Reached skill level 10 in Axes
  2904 | D:4      | XOM: medium Ice miscast
  3047 | D:4      | Found a sparkling altar of Nemelex Xobeh.
  3266 | D:4      | XOM: medium Fire miscast
  3427 | D:5      | Reached skill level 11 in Axes
  3490 | D:5      | Reached XP level 8. HP: 56/64 MP: 7/7
  3624 | D:5      | XOM: medium Pois miscast
  3902 | D:6      | Reached skill level 12 in Axes
  3951 | D:6      | Found a staircase to the Ecumenical Temple.
  4012 | Temple   | Entered the Ecumenical Temple
  4127 | D:6      | Got a blackened whip
  4128 | D:6      | Identified the +6 whip of the Last Moons {freeze, rPois} (You found it on level 6 of the Dungeon)
  4221 | D:6      | Noticed Menkaure
  4232 | D:6      | Killed Menkaure
  4271 | D:6      | Noticed Prince Ribbit
  4463 | D:6      | Killed Prince Ribbit
  4463 | D:6      | Reached skill level 13 in Axes
  4554 | D:6      | Noticed Sigmund
  4554 | D:6      | Noticed Dowan
  4555 | D:6      | Noticed Duvessa
  4555 | D:6      | Upgraded the game from 0.18-a0-1507-g69458e0 to 0.18-a0-1514-g6ed9364
  4572 | D:6      | Killed Sigmund
  4581 | D:6      | Killed Dowan
  4586 | D:6      | Reached XP level 9. HP: 62/70 MP: 8/8
  4601 | D:6      | Killed Duvessa
  4601 | D:6      | Reached skill level 14 in Axes
  4603 | D:6      | Found Qurafius's Gadget Shop.
  4611 | D:6      | Bought a wand of teleportation (3/9) for 273 gold pieces
  4731 | D:7      | Found a bloodstained altar of Trog.
  4743 | D:7      | Became a worshipper of Trog the Wrathful
  4767 | D:7      | XOM: medium Hex miscast
  4900 | D:7      | Found a blossoming altar of Fedhas.
  4921 | D:7      | Noticed an oklob plant
  4968 | D:7      | Reached skill level 4 in Fighting
  5119 | D:7      | Reached * piety under Trog
  5123 | D:7      | Noticed Joseph
  5137 | D:7      | Killed Joseph
  5227 | D:7      | Reached skill level 5 in Fighting
  5260 | D:7      | Reached skill level 15 in Axes
  5358 | D:8      | XOM: noise
  5374 | D:8      | Found Jengaon's Weapon Shoppe.
  5413 | D:8      | Got a jewelled cloak
  5424 | D:8      | Identified the +1 cloak of Modeiluk {rF+++} (You found it on level 8 of the Dungeon)
  5426 | D:8      | Found a staircase to the Lair.
  5452 | D:8      | Reached skill level 6 in Fighting
  5504 | D:8      | Reached ** piety under Trog
  5504 | D:8      | Reached XP level 10. HP: 68/83 MP: 9/9
  5513 | D:8      | XOM: repel stairs
  5748 | D:8      | Reached skill level 3 in Armour
  5907 | D:8      | Found Raon's Armour Boutique.
  6081 | D:8      | Found Urafud's Food Shop.
  6326 | Lair:1   | Entered Level 1 of the Lair of Beasts
  6407 | Lair:2   | Noticed Sonja
  6411 | Lair:1   | Reached skill level 16 in Axes
  6411 | Lair:1   | Reached skill level 4 in Armour
  6414 | Lair:2   | Noticed a six-headed hydra
  6421 | Lair:1   | Reached skill level 7 in Fighting
  6484 | Lair:1   | Reached skill level 5 in Armour
  6584 | Lair:1   | Noticed a torpor snail
  6588 | Lair:1   | XOM: enchant monster (bad)
  6602 | Lair:1   | Killed a torpor snail
  6602 | Lair:1   | Reached skill level 8 in Fighting
  6626 | Lair:1   | HP: 7/88 [poisoned by a water moccasin]
  6628 | Lair:1   | XOM: noise
  6648 | Lair:1   | Reached skill level 6 in Armour
  6720 | Lair:1   | Noticed a spiny frog
  6729 | Lair:1   | Killed a spiny frog
  6806 | Lair:1   | XOM: noise
  6819 | Lair:1   | Reached *** piety under Trog
  7052 | D:4      | XOM: mild Erth miscast
  7230 | Lair:2   | Reached XP level 11. HP: 84/95 MP: 10/10
  7269 | Lair:2   | Reached skill level 17 in Axes
  7357 | Lair:2   | XOM: mild Air miscast
  7625 | Lair:2   | XOM: mild Trmt miscast
  7806 | Lair:1   | Reached skill level 7 in Armour
  7808 | Lair:1   | Reached skill level 9 in Fighting
  7861 | Lair:1   | Found a snail-covered altar of Cheibriados.
  7979 | D:9      | Reached **** piety under Trog
  8481 | D:9      | Noticed Grum
  8488 | D:9      | Killed Grum
  8633 | D:9      | Found Gasyat's Distillery.
  8659 | D:9      | Reached ***** piety under Trog
  8742 | D:9      | Found a basalt altar of Yredelemnul.
  8742 | D:9      | Found a blossoming altar of Fedhas.
  8786 | D:9      | XOM: noise
  8800 | D:9      | Found Viohait's Book Shop.
  8828 | D:9      | XOM: medium Erth miscast
  8828 | D:9      | Was forgiven by Xom
  8870 | D:8      | Bought a +2 pair of boots for 247 gold pieces
  9170 | Lair:2   | Killed a six-headed hydra
  9170 | Lair:2   | Reached skill level 18 in Axes
  9170 | Lair:2   | Reached skill level 8 in Armour
  9234 | Lair:2   | Killed Sonja
  9234 | Lair:2   | Reached skill level 10 in Fighting
  9269 | Lair:2   | Noticed a griffon
  9284 | Lair:2   | Killed a griffon
  9519 | Lair:2   | Reached XP level 12. HP: 65/106 MP: 11/11
  9698 | Lair:3   | Reached skill level 9 in Armour
  9869 | Lair:3   | Received a gift from Trog
 10082 | Lair:3   | Found a hole to the Spider Nest.
 10304 | Lair:3   | Got a pitted quarterstaff
 10574 | Lair:3   | Reached skill level 19 in Axes
 10735 | Lair:3   | Reached skill level 11 in Fighting
 10931 | Lair:2   | Identified the +5 quarterstaff "Qaixy" {antimagic, rF+ MR++} (You found it on level 3 of the Lair of Beasts)
 11012 | D:10     | Entered Level 10 of the Dungeon
 12089 | D:11     | Reached skill level 10 in Armour
 12654 | D:11     | Noticed Snorg
 12665 | D:11     | Killed Snorg
 12665 | D:11     | Reached skill level 12 in Fighting
 12883 | D:11     | Reached skill level 11 in Armour
 13035 | D:12     | Reached ****** piety under Trog
 13054 | D:12     | Found a staircase to the Orcish Mines.
 13056 | D:12     | Found Sosur's Armour Shoppe.
 13070 | D:12     | Reached XP level 13. HP: 118/118 MP: 12/12
 13084 | D:12     | Bought a +0 pair of gloves for 76 gold pieces
 13176 | D:12     | Found a flagged portal.
 13459 | Bailey   | Entered a bailey
 13611 | Bailey   | Found an iron altar of Okawaru.
 13659 | Bailey   | Reached skill level 13 in Fighting
 13660 | Bailey   | Received a gift from Trog
 14010 | Bailey   | Reached skill level 12 in Armour
 14501 | D:9      | Bought a potion of heal wounds for 65 gold pieces
 14501 | D:9      | Bought a potion of agility for 52 gold pieces
 14501 | D:9      | Bought a potion of invisibility for 104 gold pieces
 14501 | D:9      | Lost mutation: You occasionally shout uncontrollably at your foes. [potion of cure mutation]
 14572 | Lair:2   | Gained mutation: You are occasionally teleported next to monsters. [potion of mutation]
 14572 | Lair:2   | Gained mutation: Your mind is acute. (Int +2) [potion of mutation]
 14572 | Lair:2   | Gained mutation: Your spells are a little harder to cast, but a little more powerful. [potion of mutation]
 14573 | Lair:2   | Lost mutation: Your mind is acute. (Int +2) [potion of mutation]
 14573 | Lair:2   | Gained mutation: You are robust (+10% HP). [potion of mutation]
 14573 | Lair:2   | Gained mutation: You passively map a small area around you. [potion of mutation]
 14766 | Lair:3   | Received a gift from Trog
 14766 | Lair:3   | Reached skill level 2 in Dodging
 14769 | Lair:3   | Got a bloodstained battleaxe {god gift}
 14770 | Lair:3   | Identified the +9 battleaxe "Hydra's Nightmare" {chop, rC+ rN+ Str+3} (Trog gifted it to you on level 3 of the Lair of Beasts)
 14935 | Lair:4   | Reached skill level 20 in Axes
 15163 | Lair:4   | Got a pitted ring mail
 15175 | Lair:4   | Identified the +3 ring mail "Cayn" {rF+ Dex+4 Stlth+} (You found it on level 4 of the Lair of Beasts)
 15389 | Lair:5   | Upgraded the game from 0.18-a0-1514-g6ed9364 to 0.18-a0-1521-g59d19af
 15394 | Lair:5   | Reached skill level 3 in Dodging
 15592 | Lair:5   | Found a dark tunnel.
 15601 | Volcano  | Entered a volcano
 15740 | Volcano  | Reached skill level 4 in Dodging
 15988 | Lair:5   | Reached skill level 14 in Fighting
 16085 | Lair:6   | Reached skill level 13 in Armour
 16085 | Lair:6   | Reached XP level 14. HP: 123/145 MP: 13/13
 16136 | Lair:6   | Reached skill level 5 in Dodging
 16162 | Lair:6   | Found a staircase to the Shoals.
 16221 | Lair:6   | Got a jet-encrusted scale mail
 16232 | Lair:6   | Identified the +5 scale mail of the Harvest {rN+ rCorr Int-5 Dex+8} (You found it on level 6 of the Lair of Beasts)
 16247 | Lair:6   | Found a burning altar of Makhleb.
 16295 | Lair:6   | Received a gift from Trog
 16296 | Lair:6   | Got a translucent triple crossbow {god gift}
 16297 | Lair:6   | Identified the +5 triple crossbow of the Ten Eyes {venom, MR+} (Trog gifted it to you on level 6 of the Lair of Beasts)
 16433 | Lair:6   | Reached skill level 6 in Dodging
 16453 | Lair:6   | Got a heavily runed scale mail
 16464 | Lair:6   | Identified the +2 scale mail "Qicit" {rF+ rN+ Int-4} (You found it on level 6 of the Lair of Beasts)
 17029 | Lair:7   | Received a gift from Trog
 17163 | Lair:7   | Got a pair of distressingly furry boots
 17174 | Lair:7   | Identified the cursed +0 pair of boots of Restlessness {MR++ Int-2} (You found it on level 7 of the Lair of Beasts)
 17382 | Lair:8   | Entered Level 8 of the Lair of Beasts
 17458 | Lair:8   | Reached skill level 7 in Dodging
 17627 | Lair:8   | Found a staircase to the Slime Pits.
 17663 | Lair:8   | Reached skill level 15 in Fighting
 17917 | Lair:8   | Reached skill level 14 in Armour
 18027 | Lair:8   | Found a burning altar of Makhleb.
 18055 | Lair:8   | Received a gift from Trog
 18094 | Lair:8   | Reached skill level 8 in Dodging
 18131 | Lair:8   | Got a warped iron amulet
 18132 | Lair:8   | Identified the amulet "Jeishyzxo" {Spirit rC- MR+ Str+2 Stlth+} (You took it off a red devil on level 8 of the Lair of Beasts)
 18167 | Lair:8   | Found a gateway to Hell.
 18458 | D:8      | Bought the +11 hunting sling of Zoghyaho {speed, rPois rN+ Int+3 Stlth+} for 1008 gold pieces
 18554 | Orc:1    | Entered Level 1 of the Orcish Mines
 18612 | Orc:1    | Reached skill level 1 in Slings
 18624 | Orc:1    | Reached skill level 2 in Slings
 18682 | Orc:2    | Entered Level 2 of the Orcish Mines
 18712 | Orc:1    | Reached skill level 3 in Slings
 18773 | Orc:1    | Found Viodatti's Antique Weapon Shop.
 18904 | Orc:2    | Found a staircase to the Elven Halls.
 18986 | Orc:2    | Reached skill level 4 in Slings
 19034 | Orc:2    | Noticed an orc warlord
 19045 | Orc:2    | Killed an orc warlord
 19065 | Orc:2    | Reached skill level 5 in Slings
 19066 | Orc:2    | Reached XP level 15. HP: 118/155 MP: 12/14
 19077 | Orc:2    | Got an encrusted scimitar {freeze}
 19081 | Orc:2    | Got an ancient chain mail
 19097 | Orc:2    | Identified the +5 chain mail "Beliezo" {Str+3} (You found it on level 2 of the Orcish Mines)
 19108 | Orc:2    | Identified the cursed +0 scimitar of Xintaw {freeze, Str+3} (You took it off an orc sorcerer on level 2 of the Orcish Mines)
 19160 | Orc:2    | Noticed an orc warlord
 19203 | Orc:2    | Received a gift from Trog
 19219 | Orc:2    | Killed an orc warlord
 19219 | Orc:2    | Reached skill level 6 in Slings
 19279 | Orc:2    | Found a roughly hewn altar of Beogh.
 19353 | Orc:2    | Found a roughly hewn altar of Beogh.
 19414 | Orc:2    | Found a roughly hewn altar of Beogh.
 19440 | Orc:2    | Found Wiump's Gadget Emporium.
 19634 | Orc:2    | Found a roughly hewn altar of Beogh.
 19651 | Orc:2    | Found Tennuam's Gadget Boutique.
 19822 | Orc:2    | Reached skill level 7 in Slings
 19875 | Orc:2    | Received a gift from Trog
 19877 | Orc:2    | Noticed an orc warlord
 19978 | Orc:2    | Killed an orc warlord
 19978 | Orc:2    | Reached skill level 8 in Slings
 20013 | Orc:2    | Found a roughly hewn altar of Beogh.
 20013 | Orc:2    | Found Sipucega's Antique Armour Shoppe.
 20016 | Orc:2    | Found Asek's Antique Weapon Emporium.
 20242 | Orc:2    | Bought the -2 hat of the Alchemist {rElec rPois rF+ rC+ rN+ MR+ rMut rCorr} for 1085 gold pieces
 20322 | Elf:1    | Entered Level 1 of the Elven Halls
 20376 | Elf:1    | Reached skill level 9 in Slings
 20506 | Elf:1    | Found a magical portal.
 20514 | WizLab   | Entered Iskenderun's Mystic Tower
 20530 | WizLab   | HP: 14/155 [purple draconian/bolt of dispelling energy (21)]
 20758 | Elf:1    | Reached skill level 10 in Slings
 20922 | Elf:1    | Received a gift from Trog
 20992 | Elf:1    | Identified Gigim's Grimoire of Confrontation
 21057 | Elf:1    | Reached skill level 11 in Slings
 21122 | Elf:1    | Found Wisitt's Assorted Antiques.
 21474 | D:13     | Found a shadowy altar of Dithmenos.
 21781 | D:13     | Noticed Josephine
 21788 | D:13     | Killed Josephine
 21788 | D:13     | Reached skill level 12 in Slings
 22043 | D:14     | Gained mutation: Your mind is acute. (Int +2) [mutagenic meat]
 22045 | D:14     | Lost mutation: You are robust (+10% HP). [mutagenic meat]
 22145 | D:14     | Found a gate to the Vaults.
 22161 | D:14     | Received a gift from Trog
 22172 | D:14     | Reached skill level 9 in Dodging
 22194 | D:14     | Reached skill level 16 in Fighting
 22304 | D:14     | Reached XP level 16. HP: 151/151 MP: 15/15
 22650 | D:14     | Reached skill level 10 in Dodging
 22670 | D:14     | Identified Emyhu's Catalogue of the Icy Traveller
 22935 | D:14     | Reached skill level 15 in Armour
 23040 | Orc:2    | Bought a pair of runed gloves for 103 gold pieces
 23148 | D:15     | Entered Level 15 of the Dungeon
 23296 | D:15     | Received a gift from Trog
 23712 | D:15     | Gained mutation: You have a pair of large horns on your head. [mutagenic meat]
 23713 | D:15     | Gained mutation: You are agile. (Dex +2) [mutagenic meat]
 23714 | D:15     | Gained mutation: You passively map the area around you. [mutagenic meat]
 23715 | D:15     | Lost mutation: You have a pair of large horns on your head. [mutagenic meat]
 23879 | D:15     | Found a staircase to the Depths.
 24130 | Spider:1 | Entered Level 1 of the Spider Nest
 24250 | Spider:1 | Noticed Aizul
 24271 | Spider:1 | Killed Aizul
 24288 | Spider:1 | Received a gift from Trog
 24302 | Spider:1 | Reached skill level 11 in Dodging
 24481 | Spider:1 | Gained mutation: You are partially covered in slimy green scales (AC +2). [potion of mutation]
 24482 | Spider:1 | Lost mutation: Your mind is acute. (Int +2) [potion of mutation]
 24536 | Spider:2 | Upgraded the game from 0.18-a0-1521-g59d19af to 0.18-a0-1523-gbe15c29
 24994 | Spider:4 | Entered Level 4 of the Spider Nest
 25054 | Spider:4 | Noticed Arachne
 25058 | Spider:4 | Reached skill level 17 in Fighting
 25058 | Spider:4 | Received a gift from Trog
 25058 | Spider:4 | Reached skill level 16 in Armour
 25096 | Spider:4 | Killed Arachne
 25116 | Spider:4 | Reached skill level 12 in Dodging
 25230 | Spider:3 | Reached XP level 17. HP: 161/161 MP: 16/16
 25713 | Spider:4 | Gained mutation: You are partially covered in rough black scales (AC +4, Dex -1). [mutagenic meat]
 25716 | Spider:4 | Lost mutation: Your spells are a little harder to cast, but a little more powerful. [mutagenic meat]
 25717 | Spider:4 | Gained mutation: Your spells are a little harder to cast, but a little more powerful. [mutagenic meat]
 25718 | Spider:4 | Lost mutation: You are agile. (Dex +2) [potion of mutation]
 25718 | Spider:4 | Gained mutation: You evolve. [potion of mutation]
 25718 | Spider:4 | Lost mutation: You passively map the area around you. [potion of mutation]
 25950 | Spider:2 | Received a gift from Trog
 26576 | Spider:4 | Received a gift from Trog
 26599 | Spider:4 | Got a faintly glowing hunting sling {god gift}
 26600 | Spider:4 | Identified the +9 hunting sling of the Five Stars {venom, rF+ rC+ Dex+3} (Trog gifted it to you on level 4 of the Spider Nest)
 26701 | Spider:4 | Reached skill level 17 in Armour
 26711 | Spider:4 | Lost mutation: You evolve. [evolution]
 26732 | Spider:4 | Reached skill level 18 in Fighting
 26824 | Spider:4 | Reached skill level 13 in Dodging
 26883 | Spider:4 | Noticed Mara
 26885 | Spider:4 | Noticed glosham's illusion
 26943 | Spider:4 | Killed Mara
 27041 | Spider:4 | Got a gossamer rune of Zot
 27141 | Spider:4 | Lost mutation: Your spells are a little harder to cast, but a little more powerful. [mutagenic meat]
 27142 | Spider:4 | Gained mutation: Armour fits poorly on your strangely shaped body. [mutagenic meat]
 27144 | Spider:4 | Gained mutation: You are agile. (Dex +2) [mutagenic meat]
 27145 | Spider:4 | Lost mutation: You are agile. (Dex +2) [mutagenic meat]
 27385 | Slime:1  | Entered Level 1 of the Pits of Slime
 27460 | Slime:1  | Received a gift from Trog
 27489 | Slime:2  | Noticed an acid blob
 27529 | Slime:1  | Noticed an acid blob
 27539 | Slime:1  | Killed an acid blob
 27592 | Slime:2  | Killed an acid blob
 27625 | Slime:4  | Gained mutation: You are clumsy. (Dex -2) [a shining eye]
 27686 | Slime:5  | Noticed an acid blob
 27701 | Slime:5  | Killed an acid blob
 27753 | Slime:5  | Noticed an acid blob
 27759 | Slime:5  | Killed an acid blob
 27759 | Slime:5  | Reached XP level 18. HP: 144/173 MP: 17/17
 27821 | Slime:6  | Entered Level 6 of the Pits of Slime
 27882 | Slime:6  | Reached skill level 14 in Dodging
 27915 | Slime:6  | Received a gift from Trog
 27916 | Slime:6  | Got a sapphire broad axe {god gift}
 27928 | Slime:6  | Reached skill level 18 in Armour
 28169 | Slime:6  | Reached skill level 19 in Fighting
 28179 | Slime:6  | Noticed the Royal Jelly
 28396 | Slime:6  | Found a viscous altar of Jiyva.
 28455 | Slime:6  | Killed the Royal Jelly
 28485 | Slime:6  | Got a slimy rune of Zot
 28526 | Slime:6  | Got a brightly glowing plate armour
 28534 | Slime:6  | Identified the +7 broad axe of Tenacity {chop, rN+ Int+3} (Trog gifted it to you on level 6 of the Pits of Slime)
 28535 | Slime:6  | Identified the +9 plate armour "Fail" {*Contam *Confuse rElec MP+9} (You found it on level 6 of the Pits of Slime)
 29029 | Shoals:1 | Entered Level 1 of the Shoals
 29064 | Shoals:1 | Noticed Nikola
 29105 | Shoals:1 | Killed Nikola
 29180 | Shoals:2 | Received a gift from Trog
 29254 | Shoals:1 | Noticed Frances
 29266 | Shoals:1 | Killed Frances
 29350 | Shoals:2 | Reached skill level 15 in Dodging
 29427 | Shoals:2 | Found Igull's Armour Shop.
 29641 | Shoals:4 | Entered Level 4 of the Shoals
 29704 | Shoals:3 | Reached skill level 19 in Armour
 29745 | Shoals:4 | Noticed Ilsuiw
 29756 | Shoals:4 | Received a gift from Trog
 29878 | Shoals:3 | Found Miket's Distillery.
 29972 | Shoals:3 | Bought a potion of mutation for 47 gold pieces
 29972 | Shoals:3 | Bought a potion of haste for 190 gold pieces
 29977 | Shoals:3 | Gained mutation: Your flesh is heat resistant. [potion of mutation]
 30131 | Shoals:4 | Reached XP level 19. HP: 171/184 MP: 18/18
 30211 | Shoals:4 | Reached skill level 20 in Fighting
 30279 | Shoals:4 | Got a steaming mace
 30281 | Shoals:4 | Identified the cursed +2 mace of Suicidal Tendencies {crush, MR- Str+5 Stlth+} (You found it on level 4 of the Shoals)
 30310 | Shoals:4 | Gained mutation: You are frail (-10% HP). [potion of mutation]
 30310 | Shoals:4 | Gained mutation: You are resistant to hostile enchantments. [potion of mutation]
 30310 | Shoals:4 | Lost mutation: You are occasionally teleported next to monsters. [potion of mutation]
 30453 | Shoals:4 | Killed Ilsuiw
 30460 | Shoals:4 | Received a gift from Trog
 30489 | Shoals:4 | Got a steaming scythe {slice}
 30490 | Shoals:4 | Identified the +4 scythe of Tuthrain {slice, Str+4} (You took it off a merfolk aquamancer on level 4 of the Shoals)
 30880 | Shoals:4 | Reached skill level 16 in Dodging
 30923 | Shoals:4 | Got a barnacled rune of Zot
 31224 | Shoals:3 | Got a pitted scale mail
 31238 | Shoals:3 | Identified the +3 scale mail of Enwef {Str+3} (You found it on level 3 of the Shoals)
 31332 | Shoals:3 | Received a gift from Trog
 31539 | Shoals:3 | Bought a potion of heal wounds for 95 gold pieces
 31539 | Shoals:3 | Bought a potion of agility for 76 gold pieces
 31539 | Shoals:3 | Bought a potion of resistance for 190 gold pieces
 31539 | Shoals:3 | Bought a potion of cancellation for 152 gold pieces
 31539 | Shoals:3 | Bought a potion of curing for 57 gold pieces
 31539 | Shoals:3 | Bought a potion of invisibility for 152 gold pieces
 31539 | Shoals:3 | Bought 2 potions of curing for 114 gold pieces
 31539 | Shoals:3 | Bought a potion of curing for 57 gold pieces
 32101 | Depths:1 | Entered Level 1 of the Depths
 32258 | Depths:2 | Noticed a lich
 32270 | Depths:2 | Killed a lich
 32270 | Depths:2 | Reached skill level 20 in Armour
 32445 | Depths:2 | Noticed a lich
 32472 | Depths:2 | Killed a lich
 32478 | Depths:2 | Received a gift from Trog
 32686 | Depths:2 | Noticed an ancient lich
 32695 | Depths:2 | Killed an ancient lich
 32695 | Depths:2 | Reached skill level 21 in Fighting
 32754 | Depths:2 | Got a fine whip
 32758 | Depths:2 | Identified the cursed +2 whip "Testudinebane" {slash, +Fly} (You found it on level 2 of the Depths)
 32802 | Depths:2 | Reached XP level 20. HP: 152/178 MP: 19/19
 32836 | Depths:2 | Upgraded the game from 0.18-a0-1523-gbe15c29 to 0.18-a0-1526-gcb34c7c
 32876 | Depths:2 | Got a pitted whip {slash}
 32892 | Depths:2 | Lost mutation: Armour fits poorly on your strangely shaped body. [mutagenic meat]
 33051 | Depths:3 | Reached skill level 17 in Dodging
 33091 | Depths:3 | Received a gift from Trog
 33095 | Depths:3 | Identified the +5 whip "Awuilaq" {slash, -Tele *Noise rElec MR+++} (You took it off a necromancer on level 2 of the Depths)
 33100 | Depths:3 | Got a wavering iron ring
 33101 | Depths:3 | Identified the ring "Voroij" {rF+ MR+} (You found it on level 3 of the Depths)
 33319 | Depths:2 | Found a one-way gate leading to the halls of Pandemonium.
 34174 | Depths:1 | Received a gift from Trog
 34178 | Depths:1 | Reached skill level 21 in Armour
 34293 | Depths:1 | Found a corrupted altar of Lugonu.
 34294 | Depths:1 | Found a one-way gate to the infinite horrors of the Abyss.
 34369 | Depths:1 | Noticed Asterion
 34379 | Depths:1 | Killed Asterion
 34563 | Depths:1 | Found a bloodstained altar of Trog.
 35117 | Depths:3 | Reached skill level 21 in Axes
 35139 | Depths:3 | Found a portal to a secret trove of treasure.
 35257 | Depths:3 | Got a jewelled hand axe
 35258 | Depths:3 | Identified the +10 hand axe of Imbalance {pain, +Inv MP-9 Dex+2 Stlth+} (You found it on level 3 of the Depths)
 35270 | Depths:3 | Found a runed door.
 35271 | Depths:3 | Found a runed door.
 35606 | Depths:3 | Received a gift from Trog
 35675 | Depths:4 | HP: 17/180 [stone giant (22)]
 35680 | Depths:4 | Reached XP level 21. HP: 48/185 MP: 20/20
 35858 | Depths:4 | Received a gift from Trog
 35889 | Depths:4 | Reached skill level 22 in Fighting
 35889 | Depths:4 | Reached skill level 18 in Dodging
 36765 | Vaults:1 | Entered Level 1 of the Vaults
 36871 | Vaults:3 | Found a staircase to the Crypt.
 37015 | Vaults:3 | Received a gift from Trog
 37017 | Vaults:3 | Got a faintly glowing hunting sling {god gift}
 37019 | Vaults:3 | Identified the +1 hunting sling "Aplutte" {velocity, Str+3} (Trog gifted it to you on level 3 of the Vaults)
 37207 | Vaults:3 | Noticed Frederick
 37224 | Vaults:3 | Killed Frederick
 37334 | Vaults:3 | Found Waneufow's Armour Boutique.
 37414 | Vaults:3 | Got a translucent scale mail
 37427 | Vaults:3 | Identified the +4 scale mail of Lies {Int+2} (You found it on level 3 of the Vaults)
 37568 | Vaults:1 | Reached skill level 22 in Armour
 37907 | Vaults:2 | Noticed Sojobo
 37920 | Vaults:2 | Received a gift from Trog
 37948 | Vaults:2 | Killed Sojobo
 38259 | Vaults:3 | Received a gift from Trog
 38290 | Vaults:2 | Found Axtys's General Store.
 38290 | Vaults:2 | Noticed Jory
 38298 | Vaults:2 | Killed Jory
 38649 | Vaults:2 | Bought a potion of agility for 68 gold pieces
 38649 | Vaults:2 | Bought a potion of curing for 51 gold pieces
 38671 | Vaults:2 | Reached XP level 22. HP: 195/195 MP: 21/21
 38722 | Vaults:2 | Reached skill level 22 in Axes
 38851 | Vaults:2 | Noticed Margery
 38870 | Vaults:2 | Killed Margery
 38875 | Vaults:2 | Reached skill level 19 in Dodging
 39067 | Vaults:1 | Received a gift from Trog
 39106 | Vaults:1 | Noticed Donald
 39123 | Vaults:1 | Killed Donald
 39534 | Vaults:1 | Reached skill level 23 in Fighting
 39939 | Vaults:4 | Received a gift from Trog
 40178 | Vaults:4 | Received a gift from Trog
 40202 | Vaults:5 | Entered Level 5 of the Vaults
 40225 | Vaults:4 | Received a gift from Trog
 40530 | Vaults:4 | Received a gift from Trog
 40564 | Vaults:4 | Reached skill level 23 in Armour
 40896 | Vaults:5 | Got a silver rune of Zot
 40947 | Vaults:5 | Reached XP level 23. HP: 204/204 MP: 22/22
 40992 | Vaults:5 | Received a gift from Trog
 41112 | Vaults:5 | Reached skill level 20 in Dodging
 41113 | Vaults:5 | Reached skill level 23 in Axes
 41120 | Vaults:5 | Received a gift from Trog
 41667 | Vaults:5 | Got an iridescent arbalest
 41668 | Vaults:5 | Identified the +3 arbalest "Pahigg" {elec, MP+9} (You found it on level 5 of the Vaults)
 41822 | Vaults:5 | Found Fimmelez's Antique Weapon Boutique.
 41827 | Vaults:5 | Bought an ichor-stained battleaxe for 552 gold pieces
 41827 | Vaults:5 | Identified the +3 battleaxe of Righteous Anger {freeze, rF+ Str+3 Int-5} (You bought it in a shop on level 5 of the Vaults)
 41872 | Vaults:5 | Reached skill level 24 in Fighting
 41879 | Vaults:5 | Got a heavily runed chain mail
 41884 | Vaults:5 | Identified the +0 chain mail of the Desert {MR- rCorr Str+4} (You took it off an orc warrior on level 5 of the Vaults)
 42011 | Vaults:5 | Received a gift from Trog
 42231 | Vaults:5 | Got a brightly glowing plate armour
 42232 | Vaults:5 | Identified the +4 plate armour of Courage {+Inv rF+ Int+3} (You found it on level 5 of the Vaults)
 42631 | D:9      | Bought 2 potions of curing for 78 gold pieces
 42631 | D:9      | Bought a potion of curing for 39 gold pieces
 42631 | D:9      | Bought a potion of curing for 39 gold pieces
 42631 | D:9      | Bought a potion of curing for 39 gold pieces
 42631 | D:9      | Bought a potion of lignification for 39 gold pieces
 42631 | D:9      | Bought a potion of curing for 39 gold pieces
 42631 | D:9      | Bought a potion of resistance for 130 gold pieces
 42631 | D:9      | Bought a potion of lignification for 39 gold pieces
 42631 | D:9      | Bought a potion of curing for 39 gold pieces
 42789 | Elf:1    | Bought a scroll of magic mapping for 98 gold pieces
 42789 | Elf:1    | Bought a scroll of silence for 210 gold pieces
 42789 | Elf:1    | Bought a scroll of holy word for 210 gold pieces
 42789 | Elf:1    | Bought a scroll of identify for 56 gold pieces
 42789 | Elf:1    | Bought a scroll of fog for 56 gold pieces
 43058 | Elf:2    | Found Penweaq's Antique Weapon Boutique.
 43137 | Elf:2    | Found a runed gate.
 43137 | Elf:2    | Found a runed gate.
 43148 | Elf:2    | Found a runed gate.
 43404 | Elf:2    | Received a gift from Trog
 43551 | Elf:3    | Entered Level 3 of the Elven Halls
 43615 | Elf:3    | Received a gift from Trog
 43616 | Elf:3    | Got a scorched hunting sling {god gift}
 43618 | Elf:3    | Identified the +4 hunting sling of World Downfall {speed, *Drain rF+++ rN+++ Str-3} (Trog gifted it to you on level 3 of the Elven Halls)
 43645 | Elf:3    | Reached skill level 24 in Armour
 43771 | Elf:3    | Found Gaploota's Armour Emporium.
 43825 | Elf:3    | Reached XP level 24. HP: 206/215 MP: 22/22
 44274 | Elf:3    | Identified a -2 rod of inaccuracy (10/10) (You found it on level 3 of the Elven Halls)
 44440 | Elf:3    | Reached skill level 21 in Dodging
 44445 | Elf:3    | Received a gift from Trog
 44446 | Elf:3    | Got a shimmering battleaxe {god gift}
 44447 | Elf:3    | Identified the +9 battleaxe of Fougopro {flame, rElec rC++ MR-} (Trog gifted it to you on level 3 of the Elven Halls)
 44568 | Elf:3    | Reached skill level 24 in Axes
 44712 | Elf:3    | Got a transparent ivory amulet
 44713 | Elf:3    | Identified the amulet "Seskun" {Spirit rPois MR+ MP+9} (You found it on level 3 of the Elven Halls)
 44741 | Elf:3    | Got a scorched blowgun
 44742 | Elf:3    | Identified the +4 blowgun of Defence {speed, rPois Int+3} (You found it on level 3 of the Elven Halls)
 44786 | Elf:3    | Got a pair of pitted gloves
 44797 | Elf:3    | Identified the -1 pair of gloves of Duyclal {MP+9 Str+6} (You found it on level 3 of the Elven Halls)
 44818 | Elf:3    | Got a brightly glowing plate armour
 44819 | Elf:3    | Identified the cursed +0 plate armour of Philately {Str+5} (You found it on level 3 of the Elven Halls)
 44824 | Elf:3    | Received a gift from Trog
 45199 | Depths:5 | Entered Level 5 of the Depths
 45219 | Depths:5 | Upgraded the game from 0.18-a0-1526-gcb34c7c to 0.18-a0-1539-g1c7284a
 45454 | Depths:5 | Found a gateway to a ziggurat.
 45573 | Depths:5 | Found a gate to the Realm of Zot.
 45663 | Depths:5 | Found an iron altar of Okawaru.
 45664 | Depths:5 | Found a shattered altar of Ashenzari.
 45664 | Depths:5 | Found a snail-covered altar of Cheibriados.
 45711 | Depths:5 | Reached skill level 25 in Fighting
 45733 | Depths:5 | Noticed an iron giant
 45754 | Depths:5 | Killed an iron giant
 46106 | Depths:5 | Received a gift from Trog
 46115 | Depths:5 | Reached XP level 25. HP: 225/225 MP: 22/22
 46135 | Depths:5 | Noticed a juggernaut
 46150 | Depths:5 | Killed a juggernaut
 46195 | Depths:5 | Reached skill level 25 in Armour
 46429 | Depths:5 | Reached skill level 22 in Dodging
 46566 | Depths:5 | Noticed an ancient lich
 46602 | Depths:5 | Killed an ancient lich
 46605 | Depths:5 | Got a dazzling triple sword {slice}
 46606 | Depths:5 | Identified the +8 triple sword of Conscience {slice, +Blink +Inv Str-3 Int+9} (You took it off a vampire knight on level 5 of the Depths)
 46653 | Depths:5 | Got a steaming chain mail
 46654 | Depths:5 | Identified the cursed +0 chain mail of the Maze {rPois rC+ Int+5} (You found it on level 5 of the Depths)
 46688 | Depths:5 | Got a jewelled plate armour
 46699 | Depths:5 | Identified the +2 plate armour of the Little Devil {Dex+3} (You found it on level 5 of the Depths)
 46841 | Zot:1    | Entered Level 1 of the Realm of Zot
 46872 | Depths:5 | Received a gift from Trog
 46881 | Zot:1    | Reached skill level 25 in Axes
 47355 | Zot:4    | Got an ancient hunting sling
 47356 | Zot:4    | Identified the cursed +1 hunting sling "Geal" {velocity, SInv Stlth+} (You found it on level 4 of the Realm of Zot)
 47433 | Zot:5    | Entered Level 5 of the Realm of Zot
 47439 | Zot:5    | Received a gift from Trog
 47607 | Zot:5    | Found a snail-covered altar of Cheibriados.
 47988 | Zot:5    | Noticed an ancient lich
 47992 | Zot:5    | Noticed an ancient lich
 48002 | Zot:5    | Killed an ancient lich
 48002 | Zot:5    | Reached skill level 26 in Fighting
 48008 | Zot:5    | Killed an ancient lich
 48030 | Zot:5    | Noticed an ancient lich
 48047 | Zot:5    | Killed an ancient lich
 48054 | Zot:5    | Noticed an orb of fire
 48060 | Zot:5    | Noticed an orb of fire
 48070 | Zot:5    | Killed an orb of fire
 48070 | Zot:5    | Reached XP level 26. HP: 156/234 MP: 16/22
 48075 | Zot:5    | Killed an orb of fire
 48091 | Zot:5    | Noticed an orb of fire
 48096 | Zot:5    | Gained mutation: You are weak. (Str -2) [an orb of fire]
 48105 | Zot:5    | Gained mutation: Your body sometimes deteriorates upon taking damage. [an orb of fire]
 48108 | Zot:5    | Killed an orb of fire
 48108 | Zot:5    | Reached skill level 26 in Armour
 48198 | Zot:5    | Reached skill level 23 in Dodging
 48386 | Zot:5    | Noticed an orb of fire
 48401 | Zot:5    | Killed an orb of fire
 48401 | Zot:5    | Reached skill level 26 in Axes
 48416 | Zot:5    | Noticed an orb of fire
 48421 | Zot:5    | Received a gift from Trog
 48857 | Zig:1    | Entered Level 1 of a ziggurat
 48880 | Zig:2    | Entered Level 2 of a ziggurat
 48899 | Zig:3    | Entered Level 3 of a ziggurat
 48928 | Zig:3    | Got a pitted arbalest
 48929 | Zig:3    | Identified the +10 arbalest of Satyriasis {penet, +Blink Int+4} (You found it on level 3 of a ziggurat)
 48934 | Zig:4    | Entered Level 4 of a ziggurat
 49018 | Zig:5    | Entered Level 5 of a ziggurat
 49072 | Zig:5    | Reached skill level 27 in Fighting
 49072 | Zig:5    | Reached skill level 3 in Crossbows
 49072 | Zig:5    | Reached XP level 27. HP: 229/245 MP: 22/22
 49079 | Zig:5    | Got a brightly glowing demon whip
 49080 | Zig:5    | Identified the +5 demon whip "Fos Utuodui" {pain, +Fly rC+ Stlth-} (You found it on level 5 of a ziggurat)
 49083 | Zig:5    | Got a fine war axe
 49085 | Zig:5    | Identified the cursed +2 war axe "Syegu" {venom, Dex+5} (You found it on level 5 of a ziggurat)
 49088 | Zig:6    | Entered Level 6 of a ziggurat
 49123 | Zig:6    | Reached skill level 27 in Armour
 49127 | Zig:6    | Reached skill level 4 in Crossbows
 49158 | Zig:6    | Identified a +1 pair of boots of running (You found it on level 6 of a ziggurat)
 49169 | Zig:7    | Entered Level 7 of a ziggurat
 49199 | Zig:7    | Reached skill level 5 in Crossbows
 49205 | Zig:7    | Received a gift from Trog
 49266 | Zig:7    | Reached skill level 8 in Crossbows
 49270 | Zig:7    | Got a sparkling pewter ring
 49272 | Zig:7    | Identified the cursed ring of the Invisible Hand {MP+9 Str+5 Dex-2 Stlth-} (You found it on level 7 of a ziggurat)
 49280 | Zig:8    | Entered Level 8 of a ziggurat
 49318 | Zig:8    | Reached skill level 9 in Crossbows
 49320 | Zig:8    | Received a gift from Trog
 49372 | Zig:8    | Got a glittering pewter ring
 49375 | Zig:8    | Got a flickering turquoise ring
 49383 | Zig:8    | Identified the ring "Onex" {rPois MP+9 Str+4} (You found it on level 8 of a ziggurat)
 49386 | Zig:8    | Identified the ring "Guoq" {rN+ Int-4 SInv Stlth+} (You found it on level 8 of a ziggurat)
 49388 | Zig:9    | Entered Level 9 of a ziggurat
 49506 | Zig:10   | Entered Level 10 of a ziggurat
 49540 | Zig:10   | Reached skill level 10 in Crossbows
 49545 | Zig:10   | Received a gift from Trog
 49595 | Zig:10   | Got a brightly glowing battleaxe
 49596 | Zig:10   | Identified the +8 battleaxe of Unuek {drain, rN+ Int-3 Dex+2} (You found it on level 10 of a ziggurat)
 49601 | Zig:11   | Entered Level 11 of a ziggurat
 49653 | Zig:11   | Reached skill level 11 in Crossbows
 49700 | Zig:11   | Received a gift from Trog
 49746 | Zig:11   | Got a smoking platinum ring
 49750 | Zig:11   | Identified the ring "Rues" {SustAt rN+} (You found it on level 11 of a ziggurat)
 49767 | Zig:12   | Entered Level 12 of a ziggurat
 49798 | Zig:12   | Reached skill level 12 in Crossbows
 49895 | Zig:12   | Reached skill level 13 in Crossbows
 49901 | Zig:12   | Got a brightly glowing tin ring
 49903 | Zig:12   | Got a shimmering marble ring
 49913 | Zig:12   | Identified the ring of Toofoel {rCorr rC+ Str+4 Int+4} (You found it on level 12 of a ziggurat)
 49916 | Zig:12   | Identified the ring "Qoklab" {rF+ rN+ Dex+2 SInv} (You found it on level 12 of a ziggurat)
 49920 | Zig:13   | Entered Level 13 of a ziggurat
 49966 | Zig:13   | Reached skill level 14 in Crossbows
 50058 | Zig:13   | Reached skill level 15 in Crossbows
 50144 | Zig:13   | Got a polished plate armour
 50145 | Zig:13   | Identified the cursed +0 plate armour "Neommo" {Str+8} (You found it on level 13 of a ziggurat)
 51581 | Vaults:5 | Received a gift from Trog
 51605 | Vaults:5 | Reached skill level 16 in Crossbows
 51991 | Pan      | Entered Pandemonium
 52000 | Pan      | Noticed Guyngoyzoa the pandemonium lord
 52009 | Pan      | Gained mutation: You are very weak. (Str -4) [a neqoxec]
 52022 | Depths:2 | Escaped Pandemonium
 52227 | Orc:2    | Bought an ornate deck of wonders for 340 gold pieces
 52230 | Orc:2    | Lost mutation: You are very weak. (Str -4) [helix card]
 52315 | Orc:2    | Bought an ornate deck of changes for 280 gold pieces
 52825 | Pan      | Entered Pandemonium
 53011 | Pan      | Noticed PeterLawrence's ghost (legendary MiFi)
 53047 | Pan      | Noticed Ucautz the pandemonium lord
 53081 | Pan      | Killed PeterLawrence's ghost
 53142 | Pan      | Killed Ucautz the pandemonium lord
 53142 | Pan      | Reached skill level 17 in Crossbows
 53189 | Pan      | Got a demonic rune of Zot
 53258 | Pan      | Found an exit through the horrors of the Abyss.
 53413 | Depths:2 | Escaped Pandemonium
 53415 | Pan      | Entered Pandemonium
 53613 | Pan      | Reached skill level 18 in Crossbows
 53639 | Pan      | Reached skill level 1 in Evocations
 53693 | Pan      | Received a gift from Trog
 53731 | Pan      | Noticed Byblulurr the pandemonium lord
 53739 | Pan      | Killed Byblulurr the pandemonium lord
 53739 | Pan      | Reached skill level 2 in Evocations
 53878 | Pan      | Reached skill level 3 in Evocations
 53980 | Pan      | Reached skill level 24 in Dodging
 54213 | Pan      | Reached skill level 4 in Evocations
 54368 | Pan      | Found an exit through the horrors of the Abyss.
 54530 | Pan      | Received a gift from Trog
 54540 | Pan      | Entered the realm of Lom Lobon.
 54646 | Pan      | Received a gift from Trog
 54877 | Pan      | Reached skill level 25 in Dodging
 54939 | Pan      | Noticed Lom Lobon
 54979 | Pan      | Killed Lom Lobon
 54988 | Pan      | Got a magical rune of Zot
 55337 | Pan      | Received a gift from Trog
 55369 | Pan      | Found an exit through the horrors of the Abyss.
 55558 | Pan      | Found an exit through the horrors of the Abyss.
 55685 | Pan      | Reached skill level 26 in Dodging
 55838 | Pan      | Noticed Toasud the pandemonium lord
 55856 | Pan      | Killed Toasud the pandemonium lord
 55878 | Pan      | Received a gift from Trog
 56463 | Pan      | Found a glowing silver altar of Zin.
 56583 | Pan      | Reached skill level 27 in Dodging
 56617 | Pan      | Reached skill level 5 in Evocations
 56633 | Pan      | Found a white marble altar of Elyvilon.
 56651 | Pan      | Received a gift from Trog
 56688 | Pan      | Reached skill level 6 in Evocations
 56822 | Pan      | Entered the realm of Mnoleg.
 56826 | Pan      | Noticed Mennas
 56829 | Pan      | Reached skill level 1 in Stealth
 56841 | Pan      | Killed Mennas
 56841 | Pan      | Reached skill level 3 in Stealth
 56994 | Pan      | Reached skill level 4 in Stealth
 57065 | Pan      | Reached skill level 5 in Stealth
 57107 | Pan      | Gained mutation: You are dopey. (Int -2) [a neqoxec]
 57212 | Pan      | Reached skill level 6 in Stealth
 57234 | Pan      | Noticed Mnoleg
 57255 | Pan      | Gained mutation: Your magical capacity is low (-10% MP). [a shining eye]
 57257 | Pan      | Killed Mnoleg
 57257 | Pan      | Reached skill level 7 in Stealth
 57326 | Pan      | Got a glowing rune of Zot
 57427 | Pan      | Reached skill level 8 in Stealth
 57474 | Pan      | Received a gift from Trog
 57510 | Pan      | Reached skill level 9 in Stealth
 57631 | Pan      | Received a gift from Trog
 57698 | Pan      | Noticed Ignacio
 57722 | Pan      | Killed Ignacio
 57722 | Pan      | Reached skill level 10 in Stealth
 57803 | Pan      | Entered the realm of Gloorx Vloq.
 57826 | Pan      | Reached skill level 11 in Stealth
 58042 | Pan      | Reached skill level 12 in Stealth
 58308 | Pan      | Noticed Gloorx Vloq
 58326 | Pan      | Killed Gloorx Vloq
 58326 | Pan      | Reached skill level 7 in Evocations
 58342 | Pan      | Got a dark rune of Zot
 58479 | Pan      | Entered the realm of Cerebov.
 58562 | Pan      | Noticed Cerebov
 58606 | Pan      | Killed Cerebov
 58614 | Pan      | Reached skill level 19 in Crossbows
 58632 | Pan      | Got a fine cloak
 58633 | Pan      | Identified the cursed +0 cloak "Beach" {-Tele Str+4 Int+7 Dex+2} (You found it in Pandemonium)
 58667 | Pan      | Received a gift from Trog
 58675 | Pan      | Got a twitching turquoise ring
 58676 | Pan      | Identified the ring of the Empire {rElec rC+} (You took it off a balrug in Pandemonium)
 58700 | Pan      | Got a fiery rune of Zot
 58827 | Pan      | Found an exit through the horrors of the Abyss.
 58837 | Pan      | Took an exit into the Abyss.
 58837 | Abyss:1  | Escaped into the Abyss
 59136 | Abyss:3  | Found a corrupted altar of Lugonu.
 59281 | Abyss:3  | Reached skill level 27 in Axes
 59283 | Abyss:3  | Found a burning altar of Makhleb.
 59338 | Abyss:3  | Got an abyssal rune of Zot
 59356 | Abyss:3  | Reached skill level 20 in Crossbows
 59480 | Abyss:3  | Received a gift from Trog
 59647 | Abyss:3  | Found a corrupted altar of Lugonu.
 59929 | Depths:2 | Escaped the Abyss
 60010 | Depths:3 | You paid a toll of 2 scrolls of acquirement to enter a treasure trove
 60011 | Trove    | Entered a treasure trove
 60158 | Hell     | Entered the Vestibule of Hell
 60158 | Hell     | Noticed Geryon
 60169 | Hell     | Killed Geryon
 60204 | Hell     | Noticed Murray
 60207 | Depths:3 | Reached skill level 8 in Evocations
 60250 | Hell     | Reached skill level 13 in Stealth
 60279 | Depths:3 | Killed Murray
 60279 | Depths:3 | Reached skill level 9 in Evocations
 60354 | Hell     | Reached skill level 10 in Evocations
 60368 | Hell     | Received a gift from Trog
 60408 | Hell     | Found a gateway to the ashen valley of Gehenna.
 60422 | Geh:1    | Entered Level 1 of Gehenna
 60424 | Geh:1    | Reached skill level 14 in Stealth
 60573 | Geh:2    | You fall through a shaft for 2 floors!
 60694 | Geh:5    | Reached skill level 11 in Evocations
 60748 | Geh:6    | Received a gift from Trog
 60895 | Geh:6    | Received a gift from Trog
 60900 | Geh:6    | Reached skill level 15 in Stealth
 61006 | Geh:6    | Reached skill level 12 in Evocations
 61037 | Geh:7    | Entered Level 7 of Gehenna
 61161 | Geh:7    | Reached skill level 13 in Evocations
 61200 | Geh:7    | Noticed the Serpent of Hell
 61232 | Geh:7    | Killed the Serpent of Hell
 61232 | Geh:7    | Reached skill level 16 in Stealth
 61389 | Geh:7    | Reached skill level 14 in Evocations
 61481 | Geh:7    | Reached skill level 17 in Stealth
 61484 | Geh:7    | Received a gift from Trog
 61607 | Geh:7    | Noticed Asmodeus
 61691 | Geh:7    | Got an obsidian rune of Zot
 61701 | Geh:7    | HP: 23/245 [balrug/demon whip of flaming (11)]
 61708 | Geh:7    | HP: 14/245 [hellion/burst of hellfire (36)]
 61815 | Hell     | Found a gateway to the Iron City of Dis.
 61843 | Hell     | Found a gateway to the freezing wastes of Cocytus.
 61845 | Hell     | Reached skill level 15 in Evocations
 61923 | Dis:1    | Entered Level 1 of the Iron City of Dis
 62043 | Dis:1    | Found a burning altar of Makhleb.
 62091 | Dis:1    | Received a gift from Trog
 62155 | Dis:1    | Reached skill level 18 in Stealth
 62194 | Dis:1    | Reached skill level 16 in Evocations
 62700 | Dis:7    | Entered Level 7 of the Iron City of Dis
 62789 | Dis:7    | Reached skill level 19 in Stealth
 62869 | Dis:7    | Reached skill level 17 in Evocations
 63310 | Dis:7    | HP: 20/245 [stone giant[the effects of Hell] (11)]
 63320 | Dis:7    | Reached skill level 20 in Stealth
 63481 | Dis:7    | Received a gift from Trog
 63587 | Dis:7    | HP: 16/245 [iron giant's throw[the effects of Hell] (29)]
 63590 | Dis:7    | Noticed Dispater
 63601 | Dis:7    | HP: 15/245 [Brimstone Fiend/blast of hellfire (31)]
 63607 | Dis:7    | HP: 10/245 [stone giant/large rock[the effects of Hell] (18)]
 63615 | Dis:7    | Got an iron rune of Zot
 63930 | Hell     | Upgraded the game from 0.18-a0-1539-g1c7284a to 0.18-a0-1542-g9c1a92e
 63971 | Hell     | Found a gateway to the decaying netherworld of Tartarus.
 63980 | Tar:1    | Entered Level 1 of Tartarus
 64306 | Tar:6    | Reached skill level 21 in Crossbows
 64334 | Tar:6    | Received a gift from Trog
 64383 | Tar:7    | Entered Level 7 of Tartarus
 64583 | Tar:7    | Reached skill level 22 in Crossbows
 64961 | Tar:7    | Reached skill level 23 in Crossbows
 65201 | Tar:7    | Got a twitching pewter ring
 65202 | Tar:7    | Identified the ring of Cowardice {+Fly MR+} (You found it on level 7 of Tartarus)
 65490 | Tar:7    | Noticed Ereshkigal
 65503 | Tar:7    | Got a bone rune of Zot
 65694 | Coc:1    | Entered Level 1 of Cocytus
 65739 | Coc:2    | Reached skill level 24 in Crossbows
 65906 | Coc:7    | Entered Level 7 of Cocytus
 66096 | Coc:7    | Received a gift from Trog
 66186 | Coc:7    | Reached skill level 25 in Crossbows
 66448 | Coc:7    | Got a brightly glowing pewter ring
 66449 | Coc:7    | Identified the ring "Kelarch" {rPois rC++} (You took it off a frost giant on level 7 of Cocytus)
 66523 | Coc:7    | Received a gift from Trog
 66562 | Coc:7    | Reached skill level 26 in Crossbows
 67117 | Coc:7    | Noticed Antaeus
 67160 | Coc:7    | Got an icy rune of Zot
 67502 | D:6      | Bought a +7 rod of shadows (14/14) for 1561 gold pieces
 67502 | D:6      | Bought an ornate deck of changes for 260 gold pieces
 67505 | D:6      | Drew Focus: Str increased to 28, Int decreased to 9
 67519 | D:6      | Lost mutation: You are weak. (Str -2) [helix card]
 67741 | Crypt:1  | Entered Level 1 of the Crypt
 67815 | Crypt:1  | Noticed Khufu
 67824 | Crypt:1  | Noticed a greater mummy
 67832 | Crypt:1  | Killed Khufu
 67844 | Crypt:1  | Killed a greater mummy
 67844 | Crypt:1  | Reached skill level 27 in Crossbows
 68097 | Crypt:2  | Reached skill level 18 in Evocations
 68176 | Crypt:3  | Entered Level 3 of the Crypt
 68221 | Crypt:3  | Noticed Saint Roka
 68288 | Crypt:3  | Killed Saint Roka
 68368 | Crypt:2  | Identified a +1 rod of clouds (12/12) (You found it on level 2 of the Crypt)
 68424 | Crypt:2  | Reached skill level 19 in Evocations
 68528 | Crypt:1  | Received a gift from Trog
 68560 | Crypt:3  | Noticed Xtahua
 68575 | Crypt:3  | Killed Xtahua
 68707 | Crypt:3  | Found a staircase to the Tomb.
 68716 | Tomb:1   | Entered Level 1 of the Tomb of the Ancients
 68755 | Tomb:1   | Got a smoking wooden ring
 68756 | Tomb:1   | Identified the ring "Ekig" {*Drain Dex+5 Stlth+} (You found it on level 1 of the Tomb of the Ancients)
 68903 | Tomb:1   | Received a gift from Trog
 69007 | Tomb:1   | Reached skill level 20 in Evocations
 69014 | Tomb:1   | Noticed a greater mummy
 69026 | Tomb:1   | Noticed a greater mummy
 69033 | Tomb:1   | Killed a greater mummy
 69038 | Tomb:1   | Killed a greater mummy
 69194 | Tomb:2   | Noticed a greater mummy
 69195 | Tomb:2   | Noticed a greater mummy
 69196 | Tomb:2   | Noticed an ancient lich
 69196 | Tomb:2   | Noticed a greater mummy
 69200 | Tomb:2   | Killed an ancient lich
 69208 | Tomb:2   | Killed a greater mummy
 69208 | Tomb:2   | Killed by a greater mummy's death curse

Vault maps used:
D:1:      lemuel_arrival_river_ford
D:2:      grunt_temple_overflow_magic_moments, elyvilon_altar_3,
          nicolae_ru_sacrificial_ziggurat
D:3:      gammafunk_temple_overflow_statue, uniq_natasha
D:4:      marbit_many_paths, first_bread, uniq_crazy_yiuf_cottage
D:5:      basic_altar
D:6:      minmay_temple_entry_water_ring, serial_shops, shop,
          dk_rats_in_the_wall, uniq_prince_ribbit1, uniq_sigmund, uniq_menkaure,
          uniq_duvessa
D:7:      bloody_trog, tgw_fedhas, uniq_joseph
D:8:      dpeg_lair_monsters, serial_shops, shop_fountains, kennysheep_mini,
          shop
D:9:      gammafunk_temple_overflow_elements, serial_gnoll_camp,
          gnoll_camp_mini_sergeant, gnoll_camp_mini_loothouse,
          gnoll_camp_mini_house, grums_kennel, gnoll_camp_medium_01,
          gnoll_camp_mini_shop, serial_shops, shop,
          hangedman_little_slice_of_home
D:10:     lemuel_flame_loot_1
D:11:     uniq_snorg
D:12:     orc_david_3, enter_bailey_2
D:13:     nicolae_dithmenos_through_a_glass_darkly, uniq_josephine
D:14:     minmay_smoke_and_mirrors, erik_vaults_2, nicolae_water_bricks,
          kennysheep_generic_room_4
D:15:     hangedman_depths_entry_try_elsewhere_first, minmay_splitting_lines
Temple:   chambers_temple_10
Lair:1:   kennysheep_snail_temple
Lair:2:   bobbens_dragon_lair_wall, uniq_sonja
Lair:3:   kennysheep_rathole, nicolae_spider_entry_orb_guardian,
          hibernation_bobbens
Lair:4:   infiniplex_staircase_pool
Lair:5:   nicolae_volcano_entry_batcave
Lair:6:   lemuel_slime, minmay_shoals_entry_lonely_mermaid, basic_altar,
          st_stairs_11, minmay_another_anthill, lemuel_fruit_tree
Lair:7:   infiniplex_staircase_pool_2
Lair:8:   evil_forest, slime_dummy
Shoals:1: nicolae_shoals_circle_sea_wall, nicolae_shoals_water_elemental_grotto,
          uniq_nikola, uniq_frances
Shoals:2: serial_shops, shop_fountains
Shoals:3: serial_shops, shop
Shoals:4: shoals_end_grunt_ice, shoals_ilsuiw_alternative
Spider:1: uniq_aizul
Spider:4: guppyfry_spider_rune, nicolae_arachne_temple,
          hangedman_spider_tarantella_strand, uniq_mara
Slime:1:  cheibrodos_slime_lost_civilization_6
Slime:3:  nicolae_slime_barrier
Slime:5:  nicolae_slime_round_cave
Orc:1:    serial_shops, shop
Orc:2:    grunt_orc_community_town_hall, grunt_orc_community_big_house_2,
          grunt_orc_community_big_house_2, grunt_orc_community_house_2,
          grunt_orc_community_house_1, grunt_orc_community_house_1,
          grunt_orc_community_house_2, elf_legates
Elf:1:    mu_enter_wizlab_6, serial_shops, shop, minmay_elf_annihilation
Elf:2:    serial_shops, nicolae_shop_trees
Elf:3:    elf_hall, serial_shops, shop, st_stairs_1
Vaults:1: v_pattern_3, v_alt_pattern_5, nicolae_vaults_circle_grid_a,
          vaults_dpeg_encased_lava, v_alt_pattern_4, grunt_vaults_diagonal,
          nicolae_vaults_little_squares_3, nicolae_vaults_three_branches,
          uniq_donald
Vaults:2: hangedman_vaults_corner, ontoclasm_vaults_ring_small, v_misc_26,
          ontoclasm_vaults_pinch, ontoclasm_vaults_ligature,
          hangedman_vaults_maws, nicolae_vaults_asterisk,
          vaults_room_semicircle, serial_shops, shop, uniq_jory, uniq_sojobo,
          uniq_margery
Vaults:3: minmay_crypt_entry_simple_walls, hangedman_vaults_unwind,
          ontoclasm_vaults_decontamination, nicolae_vaults_circle_grid_b,
          hangedman_vaults_stagger, nicolae_vaults_ring_of_whatevers,
          nicolae_vaults_shelves_hall, nicolae_vaults_mini_display_case,
          grunt_vaults_trifunnel, nicolae_vaults_asterisk, v_misc_23,
          serial_shops, shop_fountains, uniq_frederick
Vaults:4: grunt_vaults_twisty, v_alt_pattern_4, ontoclasm_vaults_ring_small,
          dpeg_vaults_monster_row, v_misc_23, nicolae_vaults_triangles,
          nicolae_vaults_ring_of_whatevers, vaults_room_pools, v_misc_10,
          hangedman_vaults_cutoff, nicolae_vaults_puzzle_piece,
          vaults_room_ringed_pool
Crypt:1:  grunt_crypt_arrival_split, uniq_khufu
Crypt:3:  david_glass_crypt, tomb_entry_pyramid_bobbens, corner_web_ring,
          nrook_guardian_serpent_ordinary, uniq_saint_roka, uniq_xtahua,
          uniq_wiglaf
Depths:1: grunt_metal_band, kennysheep_path_1, abyss_entry_flame_altar,
          grunt_ministairs_5, evilmike_spriggan_trog_shrine, uniq_asterion
Depths:2: evilmike_wizard_prison, hell_entry, grunt_pan_entry_sceptre,
          grunt_ministairs_12, minmay_staircase_windowed_small,
          basic_stair_grate_trap
Depths:3: lemuel_troll_bridge, grunt_pan_entry_spiral, grunt_hell_entry_dis_old,
          minmay_misc_feat_alley, nicolae_trove_entry_diagonal,
          minmay_door_square, minmay_variable_closet
Depths:4: minmay_ornate_pinched, hell_entry, abyss_entry,
          hangedman_decor_lopped, rand_demon_pan_entry_5, nicolae_lava_and_water
Depths:5: hangedman_slaughterboxes, hell_entry, abyss_entry
Dis:1:    kennysheep_iron_temple
Dis:3:    grunt_megastairs_1
Dis:4:    lemuel_elevator
Dis:7:    dis_st
Geh:7:    evilmike_geh
Coc:7:    coc_hangedman
Tar:7:    tar_minmay_river
Zot:2:    st_large_dragon_hoard_1
Zot:4:    st_small_dragon_hoard_1
Zot:5:    basic_altar, hangedman_zot_decor_slant
Abyss:2:  hangedman_abyss_or_decor_jellyfish_corner
Abyss:3:  serial_sigils_hangedman_gut, guppyfry_abyss_exit_imp_island
Pan:      nicolae_pan_door_chamber, grunt_pan_frozen_over,
          evilmike_mini_pan_other_thingy, pan_blood_fountain_small,
          evilmike_mini_pan_V, nicolae_pan_sigil_nadil, rand_demon_3,
          pan_blood_fountain, rand_demon_1, pan_blood_fountain,
          reaverb_pan_squares, rand_demon_5, pan_blood_fountain,
          pan_blood_fountain_small, grunt_pan_in_and_out,
          nicolae_pan_giant_door, pan_blood_fountain, pan_disco_hall,
          grunt_pan_zigzag, pan_blood_fountain, evilmike_mini_pan_pillars,
          lom_lobon, pan_blood_fountain_2, rand_demon_9,
          pan_blood_fountain_small, evilmike_mini_pan_diamond,
          pan_blood_fountain, evilmike_mini_pan_possible_glass,
          evilmike_mini_pan_other_thingy, pan_blood_fountain_2,
          pan_blood_fountain_small, grunt_pan_sceptre, pan_blood_fountain,
          pan_blood_fountain_small, grunt_pan_pentagram, uniq_ignacio,
          nicolae_pan_cerebovesque_1, rand_demon_7, uniq_ignacio,
          evilmike_holy_pan, evilmike_mini_pan_branches,
          pan_blood_fountain_small, pan_blood_fountain_2, mnoleg_st,
          uniq_mennas_pan, evilmike_mini_pan_doors_b, rand_demon_9,
          pan_blood_fountain_small, uniq_ignacio, evilmike_gloorx_vloq_box,
          cerebov_grunt, rand_demon_9, pan_blood_fountain_2
Zig:1:    ziggurat_pillar_centre_c
Zig:11:   ziggurat_pillar_centre_smoke
Trove:    trove_library
Bailey:   bailey_axe_of_yendor_kennysheep, bailey
Volcano:  volcano_tomb
WizLab:   wizlab_iskenderun

Skill      XL: |  1  2  3  4  5  6  7  8  9 10 11 12 13 14 15 16 17 18 19 20 21 22 23 24 25 26 27 |
---------------+----------------------------------------------------------------------------------+-----
Axes           | 4 5 6 8 9 11 13 15 16 18 19 20 21 22 23 24 25 26 27 | 27.0
Fighting       | 6 8 10 12 14 15 16 17 18 19 21 22 23 24 25 26 27 | 27.0
Armour         | 6 8 11 13 14 16 17 19 20 21 22 23 24 25 26 27 | 27.0
Dodging        | 4 8 9 12 13 15 16 17 18 19 20 21 22 23 27 | 27.0
Slings         | 5 12 | 12.0
Crossbows      | 3 27 | 27.0
Evocations     | 20 | 20.7
Stealth        | 20 | 20.7

Action                   |  1- 3 |  4- 6 |  7- 9 | 10-12 | 13-15 | 16-18 | 19-21 | 22-24 | 25-27 || total
-------------------------+-------+-------+-------+-------+-------+-------+-------+-------+-------++-------
Melee: Hand axe          |    85 |   119 |   275 |       |       |       |       |       |       ||   479
       Whip              |       |       |   257 |   352 |    97 |       |       |       |       ||   706
       Morningstar       |       |       |       |   783 |   309 |       |       |       |       ||  1092
       Battleaxe         |       |       |       |       |   945 |  1154 |  1551 |  1458 |  5587 || 10695
       Quarterstaff      |       |       |       |       |    20 |       |       |       |       ||    20
       Great mace        |       |       |       |       |     5 |     5 |       |       |       ||    10
       Executioner's axe |       |       |       |       |       |       |       |       |   240 ||   240
 Fire: Hunting sling     |       |     3 |       |     2 |    38 |   125 |    59 |     8 |       ||   235
       Arbalest          |       |       |       |       |       |       |       |       |   189 ||   189
Throw: Javelin           |       |       |     5 |       |       |       |       |       |       ||     5
Invok: Renounce Religion |     1 |       |       |       |       |       |       |       |       ||     1
       Berserk           |       |       |     1 |     6 |     1 |       |     2 |       |       ||    10
       Trog's Hand       |       |       |       |     2 |     9 |     4 |     4 |    11 |    55 ||    85
       Burn Spellbooks   |       |       |       |     2 |     2 |     5 |     5 |     5 |    21 ||    40
       Brothers in Arms  |       |       |       |       |     5 |     7 |    10 |       |     5 ||    27
 Abil: Evoke Flight      |       |       |       |       |       |       |       |       |     7 ||     7
       Stop Flying       |       |       |       |       |       |       |       |       |     4 ||     4
Evoke: Wand              |       |     1 |       |     9 |     3 |    11 |    28 |     2 |    42 ||    96
       Deck              |       |       |       |       |     2 |     1 |       |       |    30 ||    33
       Disc of storms    |       |       |       |       |       |       |       |       |     6 ||     6
  Use: Scroll            |     3 |     5 |     8 |     8 |    17 |    13 |    13 |    19 |    80 ||   166
       Potion            |       |       |       |     1 |     8 |     4 |     7 |     2 |    39 ||    61
 Stab: Paralysed         |       |       |       |    10 |       |       |       |       |       ||    10
       Distracted        |       |       |       |       |     3 |     2 |     1 |     1 |     4 ||    11
       Petrified         |       |       |       |       |     1 |       |       |       |       ||     1
  Eat: Chunk             |       |     4 |    12 |    26 |    18 |    22 |     4 |     9 |       ||    95
       Fruit             |       |       |       |     2 |    14 |       |     4 |       |     2 ||    22
       Beef jerky        |       |       |       |     2 |     4 |     4 |       |       |     2 ||    12
       Royal jelly       |       |       |       |     1 |       |     2 |     7 |       |     2 ||    12
       Pizza             |       |       |       |       |     2 |     4 |     1 |       |       ||     7
       Meat ration       |       |       |       |       |       |     2 |     4 |     3 |    14 ||    23
       Bread ration      |       |       |       |       |       |       |       |     1 |     9 ||    10

Table legend:
 A = Turns spent in this place as a percentage of turns spent in the entire game.
 B = Non-inter-level travel turns spent in this place as a percentage of non-inter-level travel turns spent in the entire game.
 C = Inter-level travel turns spent in this place as a percentage of turns spent in this place.
 D = Turns resting spent in this place as a percentage of non-inter-level travel turns spent in this place.
 E = Turns spent auto-exploring this place as a percentage of non-inter-level travel turns spent in this place.
 F = Non-inter-level travel turns spent in this place divided by the number of levels of this place that you've seen.
                   A       B       C       D       E      F
               +-------+-------+-------+-------+-------+----------------------
         Total | 100.0 | 100.0 |   0.5 |   1.0 |   0.0 | 396.1
       Dungeon |  16.8 |  16.7 |   1.1 |   0.6 |   0.0 | 612.8
        Temple |   0.1 |   0.1 |   2.0 |   0.0 |   0.0 |  49.0
          Lair |  10.5 |  10.5 |   0.5 |   0.4 |   0.1 | 720.8
        Shoals |   4.5 |   4.5 |   0.2 |   0.8 |   0.0 | 626.0
   Spider Nest |   5.0 |   5.0 |   0.3 |   1.1 |   0.0 | 685.5
    Slime Pits |   1.9 |   1.9 |   0.1 |   1.6 |   0.0 | 174.2
  Orcish Mines |   2.7 |   2.6 |   1.1 |   1.4 |   0.1 | 725.0
   Elven Halls |   4.7 |   4.7 |   0.3 |   2.0 |   0.0 | 870.0
        Vaults |   9.0 |   9.0 |   0.9 |   1.4 |   0.0 | 986.2
         Crypt |   1.7 |   1.7 |   0.2 |   0.2 |   0.0 | 308.7
          Tomb |   0.9 |   0.9 |   0.0 |   1.2 |   0.0 | 250.5
        Depths |   9.8 |   9.8 |   0.8 |   1.3 |   0.0 | 1074.2
          Hell |   1.0 |   1.0 |   0.5 |   0.0 |   0.0 | 577.0
           Dis |   3.0 |   3.0 |   0.0 |   2.5 |   0.0 | 238.7
       Gehenna |   2.4 |   2.4 |   0.0 |   1.3 |   0.0 | 222.5
       Cocytus |   2.7 |   2.7 |   0.0 |   1.0 |   0.0 | 210.1
      Tartarus |   3.0 |   3.0 |   0.0 |   1.9 |   0.0 | 239.3
           Zot |   3.1 |   3.1 |   0.2 |   1.0 |   0.0 | 341.0
         Abyss |   2.0 |   2.0 |   0.0 |   0.2 |   0.0 | 361.3
   Pandemonium |  11.2 |  11.3 |   0.0 |   1.1 |   0.0 | 221.3
      Ziggurat |   2.5 |   2.5 |   0.0 |   0.8 |   0.0 | 106.3
         Trove |   0.2 |   0.2 |   0.0 |   0.0 |   0.0 |  83.0
        Bailey |   1.0 |   1.0 |   0.0 |   1.5 |   0.0 | 550.0
       Volcano |   0.4 |   0.4 |   0.0 |   0.0 |   0.0 | 212.0
        Wizlab |   0.0 |   0.0 |   0.0 |   0.0 |   0.0 |  24.0
               +-------+-------+-------+-------+-------+----------------------

Table legend:
 A = Kills in this place as a percentage of kills in entire the game.
 B = Kills by you in this place as a percentage of kills by you in the entire game.
 C = Kills by friends in this place as a percentage of kills by friends in the entire game.
 D = Other kills in this place as a percentage of other kills in the entire game.
 E = Experience gained in this place as a percentage of experience gained in the entire game.
 F = Experience gained in this place divided by the number of levels of this place that you have seen.
                   A       B       C       D       E      F
               +-------+-------+-------+-------+-------+----------------------
         Total | 100.0 | 100.0 | 100.0 | 100.0 | 100.0 | 21662.8
       Dungeon |  10.8 |  11.0 |   2.3 |   0.0 |   2.2 | 4331.5
          Lair |   7.6 |   7.6 |   9.1 |   0.0 |   2.1 | 7859.6
        Shoals |   3.5 |   3.3 |  18.2 |   0.0 |   2.9 | 21735.5
   Spider Nest |   5.0 |   5.0 |   4.5 |   0.0 |   3.1 | 23542.8
    Slime Pits |   2.7 |   2.7 |   4.5 |   0.0 |   2.0 | 10089.7
  Orcish Mines |   3.1 |   3.1 |   4.5 |   0.0 |   0.7 | 10383.5
   Elven Halls |   3.8 |   3.7 |  13.6 |   8.3 |   4.4 | 44348.7
        Vaults |   9.6 |   9.7 |   0.0 |   8.3 |  10.3 | 61954.6
         Crypt |   2.7 |   2.8 |   0.0 |   0.0 |   3.4 | 34279.7
          Tomb |   1.6 |   1.6 |   0.0 |  16.7 |   2.3 | 35282.5
        Depths |   9.5 |   9.5 |  13.6 |   8.3 |  13.8 | 83104.4
          Hell |   1.8 |   1.8 |   0.0 |   0.0 |   1.7 | 50747.0
           Dis |   4.7 |   4.7 |   2.3 |   0.0 |   4.9 | 21275.0
       Gehenna |   4.0 |   4.0 |   0.0 |  25.0 |   4.0 | 20158.5
       Cocytus |   4.7 |   4.7 |   0.0 |   8.3 |   5.3 | 22676.7
      Tartarus |   4.5 |   4.5 |   4.5 |   0.0 |   5.2 | 22328.7
           Zot |   2.1 |   2.0 |   6.8 |   0.0 |   7.9 | 47465.4
         Abyss |   2.6 |   2.6 |   0.0 |   8.3 |   2.0 | 19691.7
   Pandemonium |  10.6 |  10.6 |  13.6 |  16.7 |  17.1 | 18408.9
      Ziggurat |   3.7 |   3.7 |   2.3 |   0.0 |   4.4 | 10217.5
        Bailey |   1.1 |   1.1 |   0.0 |   0.0 |   0.2 | 6321.0
       Volcano |   0.4 |   0.4 |   0.0 |   0.0 |   0.1 | 2452.0
               +-------+-------+-------+-------+-------+----------------------

Vault maps used:
D:1:      lemuel_arrival_river_ford
D:2:      grunt_temple_overflow_magic_moments, elyvilon_altar_3,
          nicolae_ru_sacrificial_ziggurat
D:3:      gammafunk_temple_overflow_statue, uniq_natasha
D:4:      marbit_many_paths, first_bread, uniq_crazy_yiuf_cottage
D:5:      basic_altar
D:6:      minmay_temple_entry_water_ring, serial_shops, shop,
          dk_rats_in_the_wall, uniq_prince_ribbit1, uniq_sigmund, uniq_menkaure,
          uniq_duvessa
D:7:      bloody_trog, tgw_fedhas, uniq_joseph
D:8:      dpeg_lair_monsters, serial_shops, shop_fountains, kennysheep_mini,
          shop
D:9:      gammafunk_temple_overflow_elements, serial_gnoll_camp,
          gnoll_camp_mini_sergeant, gnoll_camp_mini_loothouse,
          gnoll_camp_mini_house, grums_kennel, gnoll_camp_medium_01,
          gnoll_camp_mini_shop, serial_shops, shop,
          hangedman_little_slice_of_home
D:10:     lemuel_flame_loot_1
D:11:     uniq_snorg
D:12:     orc_david_3, enter_bailey_2
D:13:     nicolae_dithmenos_through_a_glass_darkly, uniq_josephine
D:14:     minmay_smoke_and_mirrors, erik_vaults_2, nicolae_water_bricks,
          kennysheep_generic_room_4
D:15:     hangedman_depths_entry_try_elsewhere_first, minmay_splitting_lines
Temple:   chambers_temple_10
Lair:1:   kennysheep_snail_temple
Lair:2:   bobbens_dragon_lair_wall, uniq_sonja
Lair:3:   kennysheep_rathole, nicolae_spider_entry_orb_guardian,
          hibernation_bobbens
Lair:4:   infiniplex_staircase_pool
Lair:5:   nicolae_volcano_entry_batcave
Lair:6:   lemuel_slime, minmay_shoals_entry_lonely_mermaid, basic_altar,
          st_stairs_11, minmay_another_anthill, lemuel_fruit_tree
Lair:7:   infiniplex_staircase_pool_2
Lair:8:   evil_forest, slime_dummy
Shoals:1: nicolae_shoals_circle_sea_wall, nicolae_shoals_water_elemental_grotto,
          uniq_nikola, uniq_frances
Shoals:2: serial_shops, shop_fountains
Shoals:3: serial_shops, shop
Shoals:4: shoals_end_grunt_ice, shoals_ilsuiw_alternative
Spider:1: uniq_aizul
Spider:4: guppyfry_spider_rune, nicolae_arachne_temple,
          hangedman_spider_tarantella_strand, uniq_mara
Slime:1:  cheibrodos_slime_lost_civilization_6
Slime:3:  nicolae_slime_barrier
Slime:5:  nicolae_slime_round_cave
Orc:1:    serial_shops, shop
Orc:2:    grunt_orc_community_town_hall, grunt_orc_community_big_house_2,
          grunt_orc_community_big_house_2, grunt_orc_community_house_2,
          grunt_orc_community_house_1, grunt_orc_community_house_1,
          grunt_orc_community_house_2, elf_legates
Elf:1:    mu_enter_wizlab_6, serial_shops, shop, minmay_elf_annihilation
Elf:2:    serial_shops, nicolae_shop_trees
Elf:3:    elf_hall, serial_shops, shop, st_stairs_1
Vaults:1: v_pattern_3, v_alt_pattern_5, nicolae_vaults_circle_grid_a,
          vaults_dpeg_encased_lava, v_alt_pattern_4, grunt_vaults_diagonal,
          nicolae_vaults_little_squares_3, nicolae_vaults_three_branches,
          uniq_donald
Vaults:2: hangedman_vaults_corner, ontoclasm_vaults_ring_small, v_misc_26,
          ontoclasm_vaults_pinch, ontoclasm_vaults_ligature,
          hangedman_vaults_maws, nicolae_vaults_asterisk,
          vaults_room_semicircle, serial_shops, shop, uniq_jory, uniq_sojobo,
          uniq_margery
Vaults:3: minmay_crypt_entry_simple_walls, hangedman_vaults_unwind,
          ontoclasm_vaults_decontamination, nicolae_vaults_circle_grid_b,
          hangedman_vaults_stagger, nicolae_vaults_ring_of_whatevers,
          nicolae_vaults_shelves_hall, nicolae_vaults_mini_display_case,
          grunt_vaults_trifunnel, nicolae_vaults_asterisk, v_misc_23,
          serial_shops, shop_fountains, uniq_frederick
Vaults:4: grunt_vaults_twisty, v_alt_pattern_4, ontoclasm_vaults_ring_small,
          dpeg_vaults_monster_row, v_misc_23, nicolae_vaults_triangles,
          nicolae_vaults_ring_of_whatevers, vaults_room_pools, v_misc_10,
          hangedman_vaults_cutoff, nicolae_vaults_puzzle_piece,
          vaults_room_ringed_pool
Crypt:1:  grunt_crypt_arrival_split, uniq_khufu
Crypt:3:  david_glass_crypt, tomb_entry_pyramid_bobbens, corner_web_ring,
          nrook_guardian_serpent_ordinary, uniq_saint_roka, uniq_xtahua,
          uniq_wiglaf
Depths:1: grunt_metal_band, kennysheep_path_1, abyss_entry_flame_altar,
          grunt_ministairs_5, evilmike_spriggan_trog_shrine, uniq_asterion
Depths:2: evilmike_wizard_prison, hell_entry, grunt_pan_entry_sceptre,
          grunt_ministairs_12, minmay_staircase_windowed_small,
          basic_stair_grate_trap
Depths:3: lemuel_troll_bridge, grunt_pan_entry_spiral, grunt_hell_entry_dis_old,
          minmay_misc_feat_alley, nicolae_trove_entry_diagonal,
          minmay_door_square, minmay_variable_closet
Depths:4: minmay_ornate_pinched, hell_entry, abyss_entry,
          hangedman_decor_lopped, rand_demon_pan_entry_5, nicolae_lava_and_water
Depths:5: hangedman_slaughterboxes, hell_entry, abyss_entry
Dis:1:    kennysheep_iron_temple
Dis:3:    grunt_megastairs_1
Dis:4:    lemuel_elevator
Dis:7:    dis_st
Geh:7:    evilmike_geh
Coc:7:    coc_hangedman
Tar:7:    tar_minmay_river
Zot:2:    st_large_dragon_hoard_1
Zot:4:    st_small_dragon_hoard_1
Zot:5:    basic_altar, hangedman_zot_decor_slant
Abyss:2:  hangedman_abyss_or_decor_jellyfish_corner
Abyss:3:  serial_sigils_hangedman_gut, guppyfry_abyss_exit_imp_island
Pan:      nicolae_pan_door_chamber, grunt_pan_frozen_over,
          evilmike_mini_pan_other_thingy, pan_blood_fountain_small,
          evilmike_mini_pan_V, nicolae_pan_sigil_nadil, rand_demon_3,
          pan_blood_fountain, rand_demon_1, pan_blood_fountain,
          reaverb_pan_squares, rand_demon_5, pan_blood_fountain,
          pan_blood_fountain_small, grunt_pan_in_and_out,
          nicolae_pan_giant_door, pan_blood_fountain, pan_disco_hall,
          grunt_pan_zigzag, pan_blood_fountain, evilmike_mini_pan_pillars,
          lom_lobon, pan_blood_fountain_2, rand_demon_9,
          pan_blood_fountain_small, evilmike_mini_pan_diamond,
          pan_blood_fountain, evilmike_mini_pan_possible_glass,
          evilmike_mini_pan_other_thingy, pan_blood_fountain_2,
          pan_blood_fountain_small, grunt_pan_sceptre, pan_blood_fountain,
          pan_blood_fountain_small, grunt_pan_pentagram, uniq_ignacio,
          nicolae_pan_cerebovesque_1, rand_demon_7, uniq_ignacio,
          evilmike_holy_pan, evilmike_mini_pan_branches,
          pan_blood_fountain_small, pan_blood_fountain_2, mnoleg_st,
          uniq_mennas_pan, evilmike_mini_pan_doors_b, rand_demon_9,
          pan_blood_fountain_small, uniq_ignacio, evilmike_gloorx_vloq_box,
          cerebov_grunt, rand_demon_9, pan_blood_fountain_2
Zig:1:    ziggurat_pillar_centre_c
Zig:11:   ziggurat_pillar_centre_smoke
Trove:    trove_library
Bailey:   bailey_axe_of_yendor_kennysheep, bailey
Volcano:  volcano_tomb
WizLab:   wizlab_iskenderun
